 Dungeon Crawl Stone Soup version 0.26-a0-651-gb41185065b (webtiles) character file.

Game seed: 15101142612087227392

1167108 Lugonue the Sorcerer (level 27, -6/242 HPs)
             Began as a Gnoll Transmuter on Sept 30, 2020.
             Was the Champion of Sif Muna.
             Killed from afar by a hellion (25 damage)
             ... with damnation
             ... on level 7 of Gehenna on Oct 5, 2020.
             The game lasted 06:42:58 (121020 turns).

Lugonue the Sorcerer (Gnoll Transmuter)           Turns: 121020, Time: 06:42:58

Health: -6/242     AC: 53    Str: 15    XL:     27
Magic:  47/62      EV: 25    Int: 34    God:    Sif Muna [******]
Gold:   11020      SH: 31    Dex: 15    Spells: 8/76 levels left

rFire    + + .     SeeInvis +   k - +3 demon blade (elec)
rCold    + . .     Faith    .   j - +5 kite shield of Lies {Int+2}
rNeg     + + +     Spirit   .   W - +8 pearl dragon scales
rPois    ∞         Reflect  +   o - +3 hat of Pondering {ponderous, MR+ MP+10 Int+5}
rElec    .         Harm     .   E - +2 cloak
rCorr    .         Rampage  .   Z - +2 pair of gloves
MR       +++++                  L - +2 pair of boots {run}
Stlth    +++++++...             w - amulet of reflection
HPRegen  0.50/turn              u - ring "Tuiciab Raez" {rPois rF++ MR+++ AC+4 Dex-3}
MPRegen  0.38/turn              T - ring of the Mage {Wiz MR++ Int+3}

@: lich-form, studying 4 skills
A: distributed training, fangs 1, large bone plates 1, see invisible, poison
resistance, shaggy fur 1, sturdy frame 1, strong nose
}: 13/15 runes: barnacled, slimy, silver, iron, icy, bone, abyssal, demonic,
glowing, magical, fiery, dark, gossamer
a: End Transformation, Channel Magic, Forget Spell, Divine Exegesis, Renounce
Religion


You were on level 7 of Gehenna.
You worshipped Sif Muna.
Sif Muna was exalted by your worship.
You were a lich.
You visited 17 branches of the dungeon, and saw 86 of its levels.
You visited Pandemonium 2 times, and saw 21 of its levels.
You visited the Abyss 1 time.
You visited 1 ziggurat, and saw 1 of its levels.
You also visited: Bailey, Ice Cave and Wizlab.

You collected 14140 gold pieces.
You spent 3120 gold pieces at shops.

Inventory:

Hand Weapons
 k - a +3 demon blade of electrocution (weapon)
 D - a +5 demon blade of freezing
Armour
 j - the +5 kite shield of Lies (worn) {Int+2}
   (You found it on level 1 of the Realm of Zot)

   It affects your intelligence (+2).
 o - the +3 hat of Pondering (worn) {ponderous, MR+ MP+10 Int+5}
   (You took it off Gastronok on level 8 of the Dungeon)

   It affects your intelligence (+5).
   It affects your resistance to hostile enchantments.
   It affects your magic capacity (+10).
 A - a +1 tower shield of cold resistance
 E - a +2 cloak (worn)
 L - a +2 pair of boots of running (worn)
 W - +8 pearl dragon scales (worn)
 Z - a +2 pair of gloves (worn)
Magical Staves
 V - an uncursed staff of fire
Jewellery
 h - an uncursed amulet of faith
 u - the ring "Tuiciab Raez" (left hand) {rPois rF++ MR+++ AC+4 Dex-3}
   (You found it on level 3 of the Spider Nest)

   [ring of protection]

   It affects your AC (+4).
   It affects your dexterity (-3).
   It greatly protects you from fire.
   It protects you from poison.
   It affects your resistance to hostile enchantments.
 w - an amulet of reflection (around neck)
 J - the ring of Peigroor {Wiz rElec}
   (You took it off a red devil in Pandemonium)

   [ring of wizardry]

   It improves your spell success rate.
   It insulates you from electricity.
 K - the ring of Daqed {Wiz rF+ Dex+2}
   (You took it off Antaeus on level 7 of Cocytus)

   [ring of wizardry]

   It improves your spell success rate.
   It affects your dexterity (+2).
   It protects you from fire.
 T - the ring of the Mage (right hand) {Wiz MR++ Int+3}
   (You took it off a deep elf death mage on level 3 of the Elven Halls)

   [ring of wizardry]

   It improves your spell success rate.
   It affects your intelligence (+3).
   It affects your resistance to hostile enchantments.
 U - the ring "Neresaec" {SInv Stlth+}
   (You found it in Pandemonium)

   [ring of see invisible]

   It lets you see invisible.
   It makes you more stealthy.
Wands
 q - a wand of iceblast (19)
 v - a wand of paralysis (29)
 O - a wand of acid (12)
Scrolls
 b - 6 scrolls of fog
 i - 19 scrolls of teleportation
 m - 34 scrolls of remove curse
 p - 3 scrolls of summoning
 x - 5 scrolls of identify
 y - a scroll of fear
 F - 3 scrolls of holy word
Potions
 a - 2 potions of stabbing
 c - 27 potions of curing
 e - 7 potions of haste
 l - a potion of invisibility
 B - 7 potions of magic
 C - 5 potions of mutation
 H - a potion of resistance
 P - 3 potions of heal wounds
 R - 4 potions of brilliance
 S - 5 potions of might
 Y - a potion of cancellation
Books
 d - a manual of Fire Magic
 g - a manual of Shields
 s - a manual of Dodging
 G - a manual of Summonings
Miscellaneous
 f - a condenser vane (2/2)
 r - a phantom mirror
 t - a tin of tremorstones (3/3)
 I - a box of beasts (3/3)


   Skills:
 + Level 25.2 Fighting
 + Level 21.5 Short Blades
 + Level 21.5 Long Blades
 + Level 21.5 Axes
 + Level 21.5 Maces & Flails
 + Level 21.5 Polearms
 + Level 21.5 Staves
 + Level 21.5 Slings
 + Level 22.3 Bows
 + Level 21.5 Crossbows
 + Level 21.5 Throwing
 + Level 21.5 Armour
 + Level 24.4 Dodging
 + Level 21.5 Stealth
 + Level 24.8 Shields
 + Level 22.1 Unarmed Combat
 + Level 25.4 Spellcasting
 + Level 18.7 Conjurations
 + Level 18.7 Hexes
 + Level 20.8 Summonings
 + Level 18.7 Necromancy
 + Level 18.7 Translocations
 + Level 19.0 Transmutations
 + Level 21.0 Fire Magic
 + Level 18.7 Ice Magic
 + Level 18.7 Air Magic
 + Level 18.7 Earth Magic
 + Level 18.7 Poison Magic
 + Level 23.1 Invocations
 + Level 21.5 Evocations


You had 8 spell levels left.
You knew the following spells:

 Your Spells              Type           Power        Failure   Level
a - Ignition              Fire           ########..   1%          8
b - Dragon's Call         Summ           ########..   8%          9
c - Iron Shot             Conj/Erth      ########..   1%          6
d - Passage of Golubria   Tloc           N/A          0%          4
e - Disjunction           Tloc           ########..   1%          8
f - Ozocubu's Refrigerat  Ice            ########..   1%          6
g - Necromutation         Tmut/Necr      ########..   1%          8
h - Summon Horrible Thin  Summ           ########..   1%          8
i - Absolute Zero         Ice            ########..   17%         9
k - Blink                 Tloc           N/A          0%          2

Your spell library contained the following spells:

 Spells                   Type           Power        Failure   Level
 Animate Skeleton         Necr           ######       0%          1
 Apportation              Tloc           ######       0%          1
 Beastly Appendage        Tmut           ######       0%          1
 Corona                   Hex            #######      0%          1
 Foxfire                  Conj/Fire      ####         0%          1
 Freeze                   Ice            ####         0%          1
 Magic Dart               Conj           ####         0%          1
 Pain                     Necr           ####         0%          1
 Sandblast                Erth           ######       0%          1
 Shock                    Conj/Air       ####         0%          1
 Sting                    Tmut/Pois      ####         0%          1
 Summon Small Mammal      Summ           ####         0%          1
 Call Imp                 Summ           ########     0%          2
 Corpse Rot               Necr/Air       N/A          0%          2
 Ensorcelled Hibernation  Hex/Ice        ######       0%          2
 Passwall                 Tmut/Erth      ########     0%          2
 Poisonous Vapours        Pois/Air       ######       0%          2
 Searing Ray              Conj           ######       0%          2
 Slow                     Hex            ########     0%          2
 Sublimation of Blood     Necr           ########..   0%          2
 Swiftness                Air            ########     0%          2
 Wereblood                Tmut           ########     0%          2
 Call Canine Familiar     Summ           ########     0%          3
 Confusing Touch          Hex            ########     0%          3
 Conjure Flame            Conj/Fire      ########     0%          3
 Dazzling Flash           Conj/Hex       ######       0%          3
 Frozen Ramparts          Ice            ######       0%          3
 Gell's Gravitas          Tloc           ########..   0%          3
 Ignite Poison            Fire/Tmut/Pois ########     0%          3
 Inner Flame              Hex/Fire       ########     0%          3
 Lesser Beckoning         Tloc           ########..   0%          3
 Mephitic Cloud           Conj/Pois/Air  ########     0%          3
 Ozocubu's Armour         Ice            ########     0%          3
 Portal Projectile        Hex/Tloc       ######       0%          3
 Spider Form              Tmut/Pois      ########..   0%          3
 Static Discharge         Conj/Air       ########     0%          3
 Stone Arrow              Conj/Erth      ######       0%          3
 Summon Guardian Golem    Hex/Summ       ########     0%          3
 Teleport Other           Tloc           ########     0%          3
 Tukima's Dance           Hex            ########     0%          3
 Vampiric Draining        Necr           ########..   0%          3
 Airstrike                Air            ########..   0%          4
 Animate Dead             Necr           ########..   0%          4
 Cause Fear               Hex            ########..   0%          4
 Dispel Undead            Necr           ########     0%          4
 Fulminant Prism          Conj/Hex       ########..   0%          4
 Hailstorm                Conj/Ice       ########     0%          4
 Ice Form                 Ice/Tmut       ########     0%          4
 Iskenderun's Mystic Bla  Conj/Tloc      ########     0%          4
 Leda's Liquefaction      Hex/Erth       ########..   0%          4
 Olgreb's Toxic Radiance  Pois           ########     0%          4
 Petrify                  Tmut/Erth      ########     0%          4
 Sticky Flame             Conj/Fire      ########     0%          4
 Summon Ice Beast         Ice/Summ       ########     0%          4
 Summon Lightning Spire   Summ/Air       ########     0%          4
 Agony                    Necr           ########     0%          5
 Alistair's Intoxication  Tmut/Pois      ########.    0%          5
 Blade Hands              Tmut           ########..   0%          5
 Bolt of Magma            Conj/Fire/Erth ########..   0%          5
 Borgnjor's Vile Clutch   Necr/Erth      ########..   0%          5
 Excruciating Wounds      Necr           ########..   0%          5
 Fireball                 Conj/Fire      ########..   0%          5
 Irradiate                Conj/Tmut      ########..   0%          5
 Iskenderun's Battlesphe  Conj           ########     0%          5
 Lee's Rapid Deconstruct  Erth           ########..   0%          5
 Lightning Bolt           Conj/Air       ########..   0%          5
 Metabolic Englaciation   Hex/Ice        ########..   0%          5
 Silence                  Hex/Air        ########..   0%          5
 Summon Demon             Summ           ########..   0%          5
 Summon Forest            Summ/Tloc      ########..   0%          5
 Summon Mana Viper        Hex/Summ       ########     0%          5
 Yara's Violent Unravell  Hex/Tmut       ########..   0%          5
 Conjure Ball Lightning   Conj/Air       ########..   1%          6
 Death Channel            Necr           ########..   1%          6
 Dispersal                Tloc           ########..   1%          6
 Eringya's Noxious Bog    Tmut/Pois      ########..   1%          6
 Freezing Cloud           Conj/Ice/Air   ########..   1%          6
 Hydra Form               Tmut           ########..   1%          6
 Invisibility             Hex            ########     1%          6
 Shadow Creatures         Summ           N/A          1%          6
 Simulacrum               Ice/Necr       ########..   1%          6
 Starburst                Conj/Fire      ########..   1%          6
 Statue Form              Tmut/Erth      ########.    1%          6
 Dragon Form              Tmut           ########..   1%          7
 Haunt                    Necr/Summ      ########..   1%          7
 Malign Gateway           Summ/Tloc      ########..   1%          7
 Monstrous Menagerie      Summ           ########..   1%          7
 Orb of Destruction       Conj           ########..   1%          7
 Spellforged Servitor     Conj/Summ      ########..   1%          7
 Summon Greater Demon     Summ           ########..   1%          7
 Summon Hydra             Summ           ########..   1%          7
 Borgnjor's Revivificati  Necr           ########..   1%          8
 Chain Lightning          Conj/Air       ########..   1%          8
 Discord                  Hex            ########..   1%          8
 Infestation              Necr           ########..   1%          8
 Lehudib's Crystal Spear  Conj/Erth      ########..   1%          8
 Fire Storm               Conj/Fire      ########..   12%         9
 Death's Door             Necr           ########..   17%         9
 Shatter                  Erth           ########..   17%         9
 Tornado                  Air            ########..   17%         9


Dungeon Overview and Level Annotations

Branches:
Dungeon (15/15)            Temple (1/1) D:5            Lair (6/6) D:10
 Shoals (4/4) Lair:3       Spider (4/4) Lair:4        Slime (5/5) Lair:5
    Orc (2/2) D:9             Elf (3/3) Orc:2        Vaults (5/5) D:14
  Crypt (3/3) Vaults:2       Tomb (0/3) Crypt:3      Depths (5/5) D:15
   Hell (visited)             Dis (7/7) Hell            Geh (7/7) Hell
    Coc (7/7) Hell            Tar (7/7) Hell            Zot (4/5) Depths:5
 Bailey (visited)           IceCv (visited)          WizLab (visited)

Altars:
Dithmenos
Elyvilon
Fedhas
Hepliaklqana
Kikubaaqudgha
Qazlal
Sif Muna
Trog
Vehumet
Xom
Zin
The Shining One
Jiyva
Lugonu

Shops:
D:7 [(   D:9 [   D:13 =   D:14 *   Orc:1 *   Orc:2 =:[*   Elf:3 *   Vaults:1 *
Depths:3 *   Depths:5 [

Portals:
Hell: Depths:1 Depths:2 Depths:3 Depths:4 Depths:5
Abyss: Lair:2 Depths:4 Depths:5
Pandemonium: Depths:1 Depths:3

Annotations:
D:10 2 runed translucent doors
D:12 3 runed translucent doors, dtynewydd's ghost, journeyman DrTm
D:13 exclusion: obsidian statue
Lair:6 exclusion: 2 oklob plants
Elf:1 1 transporter
Elf:2 2 runed translucent doors
Depths:1 2 transporters, Ozoshraha's ghost, adept MiFi


Innate Abilities, Weirdness & Mutations

Your experience applies equally to all skills.
You have very sharp teeth.
Your uncanny sense of smell can sniff out nearby items.
You are partially covered in large bone plates. (SH +4)
You have supernaturally acute eyesight. (SInv)
Your system is resistant to poisons. (rPois)
You are covered in fur. (AC +1)
Your movements are slightly less encumbered by armour. (ER -2)


Message History

Casting: Necromutation (mildly dangerous; 1% risk of failure)
Confirm with . or Enter, or press ? or * to list all spells.
Aiming: Iron Shot (safe; 1% risk of failure)
Press: ? - help, Shift-Dir - straight line, f - hellion
Aim: a hellion (black smoke)
The iron shot misses the hellion.
The hellion gestures at you.
The sphere of damnation explodes!
The damnation engulfs you!!!
* * * LOW HITPOINT WARNING * * *
The damnation engulfs the hellion.
The hellion completely resists.
Casting: Iron Shot (safe; 1% risk of failure)
Confirm with . or Enter, or press ? or * to list all spells.
Aiming: Iron Shot (safe; 1% risk of failure)
Press: ? - help, Shift-Dir - straight line, f/p - hellion
Aim: a hellion (black smoke)
The iron shot hits the hellion!!
The hellion is heavily wounded.
The hellion gestures at you.
The sphere of damnation explodes!
The damnation engulfs you!!
You die...

.'....).+..# *,∆,'..#≈≈≈≈≈≈≈≈≈≈≈
.#.8..8.#..# *∆,∆#1.#≈≈≈≈≈≈≈≈≈≈≈
.########..##*,∆,#..#≈≈≈≈≈≈≈≈≈≈≈
.#§§≈3≈≈##..##∆,∆#..##≈≈≈≈≈≈≈≈≈≈
.#≈§≈§§≈≈##.)##**#...#≈≈≈≈≈≈≈≈≈≈
##≈≈≈§≈§≈≈##..## #...#≈≈≈≈≈≈≈≈≈≈
#§≈≈≈§§§≈≈≈##.§###...#≈≈≈≈≈≈≈≈≈≈
#≈≈≈≈v≈≈≈≈≈≈##§2##§.#*≈≈≈≈≈≈≈≈≈≈
##§§§§≈≈≈≈≈≈≈##§L§§.#≈≈≈≈≈≈≈≈≈≈≈
#*≈≈≈§≈≈≈≈≈≈≈≈##§§§.#≈≈≈≈≈≈≈≈≈≈≈
**≈≈≈≈≈≈≈≈≈≈≈≈≈##+###≈≈≈≈≈≈≈≈≈≈≈
≈≈≈≈≈≈≈≈≈≈≈≈≈≈≈≈*,*≈≈≈≈≈≈≈≈≈≈≈≈≈
≈≈≈≈≈≈≈≈≈≈≈≈≈≈≈≈*,*≈≈≈≈≈≈≈≈≈≈≈≈≈
≈≈≈≈≈≈≈≈≈≈≈≈≈≈≈≈*,*≈≈≈≈≈≈≈≈≈≈≈≈≈
≈≈≈≈≈≈≈≈≈≈≈≈≈≈≈≈*,*≈≈≈≈≈≈≈≈≈≈≈≈≈
≈≈≈≈≈≈≈≈≈≈≈≈≈≈≈≈*,*≈≈≈≈≈≈≈≈≈≈≈≈≈
≈≈≈≈≈≈≈≈≈≈≈≈≈≈≈≈*,*≈≈≈≈≈≈≈≈≈≈≈≈≈


You could see a hellion.

Vanquished Creatures
  Cerebov (Pan)
  Antaeus (Coc:7)
  the Royal Jelly (Slime:5)
  Ereshkigal (Tar:7)
  Gloorx Vloq (Pan)
  the Serpent of Hell (Tar:7)
  Lom Lobon (Pan)
  Mnoleg (Pan)
  Dispater (Dis:7)
  Khufu (Crypt:2)
  4 ancient liches
  Mara (Shoals:4)
  3 pandemonium lords (Pan)
  Sojobo (Depths:4)
  Margery (Crypt:2)
  Xtahua (Depths:3)
  9 shard shrikes (Coc:7)
  Bai Suzhen (Crypt:2)
  3 caustic shrikes (Depths:5)
  Geryon (Hell)
  2 curse toes
  9 golden dragons
  4 bone dragons
  5 doom hounds
  A pearl dragon (Pan)
  10 Tzitzimimeh
  9 Brimstone Fiends
  An iron giant (Dis:5)
  3 electric golems
  7 tentacled monstrosities
  A hellephant (Hell)
  11 Ice Fiends
  10 liches
  5 Hell Sentinels
  5 quicksilver dragons
  2 deep elf blademasters (Elf:3)
  6 titans
  6 acid blobs
  2 deep elf master archers (Elf:3)
  4 death cobs
  6 ancient champions
  A kraken (Shoals:1)
  Gastronok (D:8)
  8 Executioners (Pan)
  A sphinx (Depths:3)
  8 tengu reavers
  7 shadow dragons
  6 storm dragons
  5 daevas (Pan)
  A draconian monk (Depths:5)
  A draconian knight (Zot:2)
  7 fire giants
  9 azure jellies
  2 revenants (Crypt:2)
  An emperor scorpion (Spider:3)
  5 vault wardens
  3 deep elf sorcerers
  Aizul (Elf:3)
  4 ghost moths
  3 draconian scorchers
  3 curse skulls
  A draconian shifter (Zot:2)
  5 frost giants
  13 cacodemons
  7 corrupters (Pan)
  An iron dragon (Dis:7)
  16 balrugs
  A draconian stormcaller (Zot:4)
  4 warmongers (Pan)
  5 black suns (Pan)
  6 deep elf elementalists
  3 draconian annihilators
  17 ironheart preservers
  18 angels (Pan)
  42 reapers
  5 spriggan defenders (Depths:2)
  4 war gargoyles
  5 blood saints (Pan)
  6 apis (Pan)
  5 ghouls
  9 stone giants
  6 caustic shrike skeletons (Depths:2)
  7 ophanim (Pan)
  2 elemental wellsprings (Coc:7)
  6 very ugly things
  7 deep elf demonologists
  3 entropy weavers
  5 green draconians
  13 deep elf annihilators
  9 vampire knights
  3 white draconians
  7 lorocyprocas
  3 black draconians
  An orange crystal statue (WizLab)
  5 red draconians
  5 purple draconians
  6 eidola
  8 death oozes (Slime:5)
  4 merfolk javelineers (Shoals:4)
  4 spark wasps
  Josephine (Lair:6)
  10 ettins
  6 merfolk impalers (Shoals:4)
  7 deep elf death magi
  13 blizzard demons
  A mummy priest (Crypt:3)
  6 fire dragons
  8 green deaths
  10 yaktaur captains
  Fannar (Lair:2)
  4 deep elf high priests
  A quicksilver dragon zombie (Coc:1)
  13 jiangshi
  Harold (D:8)
  A kraken zombie (Coc:3)
  4 monstrous demonspawn (Pan)
  A rakshasa (Vaults:2)
  7 great orbs of eyes
  25 vault guards
  A hydra (shapeshifter) (Vaults:5)
  17 ice dragons
  A merfolk avatar (Shoals:1)
  A quicksilver dragon skeleton (Geh:6)
  4 hell beasts
  11 hydras
  5 catoblepae
  5 merfolk aquamancers
  A ghost crab (Tar:5)
  8 spriggan air magi
  15 ogre magi
  38 two-headed ogres
  17 dancing weapons
  7 centaur warriors
  3 tengu warriors
  4 death knights
  A satyr (Shoals:4)
  2 deep troll shamans (Depths:5)
  10 deep troll earth magi
  4 vampire magi
  4 titan zombies
  13 death yaks
  38 hell hogs
  4 orc high priests (Orc:2)
  A shock serpent (shapeshifter) (Elf:2)
  Sonja (Lair:6)
  5 spriggan berserkers (Depths:2)
  25 sun demons
  A titan skeleton (Pan)
  26 deep elf knights
  A storm dragon zombie (Crypt:3)
  16 hell knights
  37 soul eaters
  16 shadow wraiths
  Nergalle (Lair:3)
  16 sixfirhies (Pan)
  3 golden dragon zombies
  12 nameless horrors
  5 spriggan druids (Depths:2)
  3 iron trolls
  90 skeletal warriors
  An entropy weaver zombie (Crypt:2)
  5 anaconda zombies
  5 torturous demonspawn (Pan)
  3 unseen horrors
  11 cherubim (Pan)
  A sea snake (shapeshifter) (Vaults:5)
  10 sea snakes
  5 gelid demonspawn (Pan)
  7 glowing orange brains
  2 infernal demonspawn (Pan)
  16 shadow demons
  3 storm dragon skeletons
  7 wizards
  4 shadow dragon zombies
  A deep troll (shapeshifter) (Elf:3)
  19 deep trolls
  7 flayed ghosts
  9 ironbrand convokers
  A golden dragon skeleton (Crypt:3)
  27 phantasmal warriors
  26 deep elf archers
  8 harpies
  12 orc knights
  2 wolf spider zombies
  21 necromancers
  2 sphinx zombies (Depths:4)
  6 anaconda skeletons
  4 shadow dragon skeletons
  An iron dragon zombie (Tar:2)
  21 orb spiders
  33 wolf spiders
  57 deep elf magi
  19 ugly things
  15 manticores
  16 fauns
  10 cyclopes
  6 orc sorcerers
  A shining eye (Slime:5)
  6 stone giant zombies
  3 centaur zombies
  11 moths of wrath
  2 frost giant zombies
  A worldbinder (Lair:2)
  23 slime creatures
  2 fire giant skeletons
  3 fire giant zombies
  Maurice (D:13)
  10 vault sentinels
  9 merfolk sirens
  2 iron dragon skeletons
  2 ice statues
  5 stone giant skeletons
  3 dire elephant zombies
  14 rust devils
  14 elephants
  Joseph (D:8)
  A frost giant skeleton (Coc:7)
  25 smoke demons
  4 water nymphs
  4 black mambas
  13 cane toads
  A molten gargoyle (Hell)
  3 titan simulacra (Coc:7)
  A cane toad (shapeshifter) (Vaults:2)
  An eye of devastation (Slime:2)
  20 orange demons
  A gargoyle (D:13)
  A torpor snail (Spider:4)
  A white draconian zombie (Crypt:1)
  A swamp worm zombie (Crypt:2)
  2 kobold demonologists
  A yaktaur (shapeshifter) (Vaults:4)
  24 hellions
  19 tormentors
  3 emperor scorpion zombies
  39 yaktaurs
  27 ice devils
  6 komodo dragons
  2 rime drakes
  6 efreet
  An anaconda simulacrum (Coc:7)
  2 tengu conjurers
  21 freezing wraiths
  3 guardian mummies (Crypt:3)
  2 silent spectres
  16 hellwings
  2 harpy zombies
  A catoblepas skeleton (Tar:2)
  7 hydra zombies
  21 demonic crawlers
  A golden dragon simulacrum (Coc:7)
  2 meliai (D:13)
  28 jumping spiders
  A queen bee (shapeshifter) (Vaults:5)
  15 merfolk
  22 red devils
  A green draconian skeleton (Crypt:1)
  A troll (shapeshifter) (Vaults:5)
  11 trolls
  13 polar bears
  Prince Ribbit (D:8)
  A wind drake (shapeshifter) (Lair:2)
  20 hornets
  A queen bee (D:13)
  2 hydra skeletons
  A wolf spider simulacrum (D:15)
  A moth of wrath zombie (Crypt:1)
  A blink frog (shapeshifter) (Vaults:3)
  7 wind drakes
  4 ettin zombies
  2 harpy skeletons
  9 blink frogs (Lair:6)
  3 ice dragon zombies
  2 fire dragon zombies
  21 hippogriffs
  4 snapping turtles
  A bog body (Crypt:1)
  3 dream sheep (Shoals:4)
  49 flying skulls
  26 tarantellas
  70 redbacks
  42 spriggans
  4 air elementals
  5 ettin skeletons
  2 spriggans (shapeshifter)
  85 yaks
  20 ynoxinuls
  20 shadows
  14 water elementals
  A spriggan skeleton (D:15)
  4 ice dragon skeletons
  A redback (shapeshifter) (Elf:3)
  A black mamba zombie (Coc:1)
  A yak (shapeshifter) (Vaults:5)
  8 fire bats
  26 wraiths
  4 wyverns
  4 fire dragon skeletons
  14 fire elementals
  A human (shapeshifter) (Elf:3)
  19 humans (D:14)
  19 large abominations
  A golden eye (shapeshifter) (Depths:5)
  5 golden eyes
  Grum (D:8)
  4 basilisks
  10 neqoxecs (Pan)
  A yaktaur simulacrum (Vaults:1)
  A steam dragon (D:12)
  22 chaos spawn
  A soldier ant (D:11)
  A swamp worm (shapeshifter) (Elf:1)
  3 swamp worms (Lair:4)
  4 hydra simulacra
  4 wargs
  Edmund (D:4)
  7 cane toad zombies
  2 human zombies (Vaults:4)
  A merfolk skeleton (Crypt:1)
  68 hell hounds
  A sky beast (shapeshifter) (Depths:4)
  A floating eye (Pan)
  16 water moccasins
  47 orc warriors
  10 porcupines
  A swamp dragon zombie (Tar:6)
  A black bear (shapeshifter) (Vaults:1)
  5 cane toad skeletons
  5 sky beasts
  2 black bears
  A fire dragon simulacrum (Coc:2)
  2 snapping turtle zombies (Dis:1)
  13 ice beasts
  4 manticore zombies
  6 eyes of draining
  7 phantoms
  A hornet zombie (Crypt:2)
  A tengu (shapeshifter) (Depths:4)
  An alligator simulacrum (Hell)
  22 necrophages
  47 ogres
  2 snapping turtle skeletons
  26 wolves
  18 boggarts
  22 centaurs
  A manticore skeleton (Tar:1)
  16 crocodiles
  3 swamp dragon skeletons
  A big kobold (D:9)
  15 bullfrogs
  3 earth elementals
  A draconian skeleton (Crypt:2)
  A cane toad simulacrum (Coc:4)
  7 wyvern skeletons (Crypt:3)
  4 scorpions
  An orc simulacrum (Vaults:1)
  9 killer bees
  63 wights
  4 howler monkeys (D:7)
  6 electric eels
  4 crimson imps
  2 bullfrog zombies
  A quasit (D:6)
  8 jellies
  4 centaur skeletons
  4 bullfrog skeletons
  8 hounds
  20 orc wizards
  17 iron imps
  13 orc priests
  3 iguanas
  A human skeleton (Tar:5)
  12 worker ants
  A big kobold zombie (Crypt:2)
  A tengu zombie (Crypt:1)
  A hound zombie (D:5)
  A naga skeleton (Geh:6)
  A hound skeleton (D:10)
  7 mummies
  A howler monkey zombie (D:6)
  2 howler monkey skeletons
  3 gnolls (D:3)
  12 adders
  10 shadow imps
  6 white imps
  An ooze (D:1)
  An adder skeleton (D:4)
  3 worms
  2 dart slugs (D:1)
  5 leopard geckos
  107 orcs
  A ball python (D:2)
  5 bats
  2 giant cockroaches
  14 goblins
  11 hobgoblins
  20 jackals
  6 quokkas
  A ball python skeleton (Crypt:2)
  3 frilled lizards
  6 kobolds
  A leopard gecko skeleton (D:7)
  2 leopard gecko zombies
  An orc zombie (Dis:6)
  3 quokka skeletons
  2 quokka zombies (D:9)
  9 rats
  A rat zombie (Crypt:1)
  6 blocks of ice
  A fire vortex (Pan)
  A lurking horror (Lair:2)
3400 creatures vanquished.

Vanquished Creatures (collateral kills)
  A seraph (Pan)
  Mennas (Crypt:2)
  A shard shrike (Coc:7)
  Saint Roka (Depths:4)
  2 pandemonium lords (Pan)
  the Enchantress (Depths:2)
  Jory (Crypt:3)
  4 golden dragons
  7 bone dragons
  A doom hound (Tar:5)
  7 Tzitzimimeh
  Arachne (Spider:2)
  5 iron giants
  6 Brimstone Fiends
  3 Ice Fiends (Coc:7)
  An electric golem (Zot:3)
  4 tentacled monstrosities
  3 Hell Sentinels
  3 liches
  5 titans
  6 acid blobs
  Murray (Hell)
  A quicksilver dragon (Dis:7)
  7 Executioners (Pan)
  4 ancient champions
  2 sphinxes (Vaults:5)
  8 shadow dragons
  2 tengu reavers
  2 storm dragons
  Donald (Shoals:1)
  A fire giant (shapeshifter) (Vaults:5)
  5 daevas (Pan)
  5 azure jellies (Slime:5)
  6 fire giants
  2 deep elf sorcerers
  14 cacodemons
  3 balrugs
  5 frost giants
  An emperor scorpion (Spider:4)
  5 iron dragons
  9 angels
  A curse skull (Pan)
  A vault warden (Vaults:5)
  7 ironheart preservers
  A ghoul (Vaults:3)
  25 reapers
  4 war gargoyles
  The ghost of btv the Grappler, a journeyman TrDe of Hepliaklqana (Lair:1)
  4 ophanim (Pan)
  2 warmongers (Pan)
  9 stone giants
  2 apis (Pan)
  A black sun (Pan)
  2 blood saints (Pan)
  3 deep elf annihilators
  A vampire knight (Depths:1)
  2 deep elf demonologists (Elf:3)
  2 green draconians (Depths:5)
  5 lorocyprocas
  A purple draconian (Zot:3)
  A white draconian (Zot:3)
  An eidolon (Crypt:3)
  A spark wasp (Depths:1)
  2 merfolk impalers (Shoals:4)
  3 quicksilver dragon zombies
  3 fire dragons
  2 green deaths (Pan)
  3 death oozes (Slime:5)
  5 blizzard demons
  5 yaktaur captains
  2 great orbs of eyes
  The ghost of Ganog the Blocker, a journeyman MiBe of Trog (Lair:2)
  8 ice dragons
  3 rakshasas
  2 hell beasts
  2 monstrous demonspawn (Pan)
  2 centaur warriors
  An alligator snapping turtle (Shoals:4)
  2 hydras
  2 spriggan air magi
  A quicksilver dragon skeleton (Geh:1)
  2 death knights (Vaults:2)
  A merfolk avatar (Shoals:2)
  10 two-headed ogres
  3 death yaks
  2 dancing weapons
  A tengu warrior (Depths:1)
  A titan zombie (Dis:6)
  3 vampire magi
  3 deep troll shamans (Depths:3)
  3 hell hogs
  6 ogre magi
  3 deep troll earth magi
  2 deep elf knights
  9 sun demons
  A storm dragon zombie (Geh:3)
  21 slime creatures
  9 soul eaters
  3 iron trolls (Dis:7)
  6 hell knights
  7 iron golems
  3 anaconda zombies
  A titan skeleton (Tar:3)
  2 golden dragon zombies
  4 sixfirhies (Pan)
  29 skeletal warriors
  A shadow wraith (Pan)
  7 large abominations (Pan)
  A death drake (Tar:7)
  7 deep trolls
  A spriggan druid (Depths:2)
  A torturous demonspawn (Pan)
  A storm dragon skeleton (Geh:2)
  2 infernal demonspawn (Pan)
  4 cherubim (Pan)
  A wizard (Pan)
  2 deep elf archers
  3 shadow demons
  A golden dragon skeleton (Pan)
  10 phantasmal warriors
  2 glowing orange brains
  2 harpies
  A sea snake (Shoals:2)
  An anaconda skeleton (Tar:4)
  2 flayed ghosts
  A glowing orange brain (shapeshifter) (Abyss:3)
  3 orc knights
  2 tengu zombies
  4 necromancers
  An orb spider (Spider:4)
  6 ironbrand convokers
  3 stone giant zombies
  2 fire giant zombies
  2 frost giant zombies
  A wolf spider zombie (Tar:1)
  4 deep elf magi
  3 shining eyes
  A shadow dragon skeleton (Coc:7)
  2 iron dragon zombies
  A moth of wrath (Zot:3)
  3 frost giant skeletons
  A guardian serpent (shapeshifter) (Depths:3)
  A fire giant skeleton (Geh:1)
  16 rust devils
  A molten gargoyle (Geh:7)
  Psyche (D:11)
  An iron dragon skeleton (Tar:6)
  A water nymph (Shoals:4)
  2 stone giant skeletons
  5 vault sentinels
  4 dire elephant skeletons
  2 orange demons (Pan)
  A centaur skeleton (D:15)
  5 smoke demons
  2 dire elephant zombies
  An elf skeleton (Vaults:4)
  A shock serpent skeleton (Tar:2)
  9 hellions
  A rime drake (shapeshifter) (Vaults:2)
  2 nameless horrors
  7 yaktaurs
  5 freezing wraiths
  A yaktaur (shapeshifter) (Depths:4)
  4 tormentors
  7 ice devils
  An efreet (Geh:7)
  6 demonic crawlers (Pan)
  A yellow draconian skeleton (Geh:1)
  7 hellwings
  A catoblepas skeleton (Coc:7)
  3 merfolk (Shoals:4)
  A meliai (D:13)
  4 wind drakes (Pan)
  2 hydra zombies
  6 red devils
  A hydra skeleton (Coc:7)
  A raiju (Lair:2)
  A hornet (shapeshifter) (Depths:3)
  A snapping turtle (shapeshifter) (Vaults:3)
  3 dream sheep (Shoals:2)
  2 ice dragon zombies
  2 fire dragon zombies
  An ettin zombie (Crypt:3)
  18 flying skulls
  A redback (Vaults:2)
  4 ettin skeletons
  An ice dragon skeleton (Coc:4)
  4 alligator skeletons
  12 wraiths
  A black mamba zombie (Geh:7)
  A ynoxinul (Pan)
  4 fire bats
  9 shadows
  3 yaks (D:9)
  7 fire elementals
  A hog (shapeshifter) (Vaults:3)
  9 water elementals
  An elf zombie (Depths:4)
  2 chaos spawn (Pan)
  A golden eye (Slime:2)
  3 neqoxecs (Pan)
  A human simulacrum (Vaults:2)
  A torturous demonspawn zombie (Dis:7)
  A cane toad zombie (Dis:7)
  A merfolk skeleton (Coc:4)
  24 hell hounds
  2 cane toad skeletons
  4 orc warriors
  3 phantoms
  A wolf (IceCv)
  8 ogres
  A snapping turtle skeleton (Crypt:3)
  4 necrophages
  2 human zombies (Vaults:4)
  An earth elemental (Elf:1)
  2 wyvern skeletons (Crypt:3)
  3 killer bees (D:13)
  10 wights
  A crimson imp (Hell)
  An orc priest (Depths:4)
  A human skeleton (Tar:5)
  6 iron imps
  2 orc wizards (Depths:4)
  A naga zombie (Dis:7)
  An ogre zombie (Geh:7)
  2 naga skeletons
  A mummy (Coc:5)
  4 shadow imps
  3 white imps (Coc:7)
  An orc (Depths:4)
  2 kobold skeletons
  2 blocks of ice
802 creatures vanquished.

Vanquished Creatures (others)
  An Executioner (Pan)
  An eldritch tentacle (Pan)
  An azure jelly (Slime:5)
  A daeva (Pan)
  A fire giant (Depths:3)
  An emperor scorpion (Pan)
  An elemental wellspring (Coc:7)
  A blizzard demon (Pan)
  A green death (Pan)
  A great orb of eyes (Depths:4)
  A spriggan air mage (Pan)
  A hell hog (Dis:2)
  A hell knight (Depths:4)
  A sixfirhy (Pan)
  A phantasmal warrior (Dis:6)
  An orange demon (Pan)
  A hellwing (Pan)
  2 tormentors (Geh:7)
  A polar bear (IceCv)
  A water elemental (Elf:3)
  A shadow (Geh:4)
  2 ynoxinuls (Pan)
  A fire bat (Abyss:3)
  A yak (IceCv)
  A golden eye (shapeshifter) (Elf:1)
  A chaos spawn (Pan)
  A neqoxec (Pan)
  A wolf (IceCv)
  A necrophage (Geh:2)
  An ogre (Vaults:4)
  A spriggan zombie (Dis:5)
  A wight (Geh:4)
  An iron imp (Dis:7)
  2 ufetubi (D:13)
  8 ball lightnings (Pan)
  A kobold zombie (Dis:5)
  5 blocks of ice
  3 bushes
  48 fungi
  95 plants
  8 tentacles (Shoals:1)
  34 withered plants
239 creatures vanquished.

Grand Total: 4441 creatures vanquished

Notes
Turn   | Place    | Note
-------+----------+-------------------------------------------
     0 | D:1      | Lugonue the Gnoll Transmuter began the quest for the Orb.
     0 | D:1      | Reached XP level 1. HP: 17/17 MP: 6/6
   158 | D:1      | Reached XP level 2. HP: 23/23 MP: 5/7
   464 | D:1      | Reached XP level 3. HP: 24/28 MP: 9/9
   468 | D:1      | Reached skill level 5 in Spellcasting
   798 | D:1      | Reached skill level 1 in Invocations
   931 | D:1      | Reached skill level 1 in Short Blades
   931 | D:1      | Reached skill level 1 in Long Blades
   931 | D:1      | Reached skill level 1 in Axes
   931 | D:1      | Reached skill level 1 in Maces & Flails
   931 | D:1      | Reached skill level 1 in Polearms
   931 | D:1      | Reached skill level 1 in Staves
   931 | D:1      | Reached skill level 1 in Slings
   931 | D:1      | Reached skill level 1 in Bows
   931 | D:1      | Reached skill level 1 in Crossbows
   931 | D:1      | Reached skill level 1 in Throwing
   931 | D:1      | Reached skill level 1 in Armour
   931 | D:1      | Reached skill level 1 in Stealth
   931 | D:1      | Reached skill level 1 in Shields
   931 | D:1      | Reached skill level 1 in Evocations
  1149 | D:2      | Reached XP level 4. HP: 34/34 MP: 9/11
  2020 | D:3      | Reached skill level 1 in Conjurations
  2020 | D:3      | Reached skill level 1 in Hexes
  2020 | D:3      | Reached skill level 1 in Summonings
  2020 | D:3      | Reached skill level 1 in Necromancy
  2020 | D:3      | Reached skill level 1 in Translocations
  2020 | D:3      | Reached skill level 1 in Fire Magic
  2020 | D:3      | Reached skill level 1 in Ice Magic
  2020 | D:3      | Reached skill level 1 in Air Magic
  2020 | D:3      | Reached skill level 1 in Earth Magic
  2020 | D:3      | Reached skill level 1 in Poison Magic
  2223 | D:3      | Reached XP level 5. HP: 21/40 MP: 10/12
  2720 | D:4      | Reached XP level 6. HP: 47/47 MP: 11/13
  2787 | D:4      | Found a glowing silver altar of Zin.
  2875 | D:4      | Noticed Edmund
  2922 | D:4      | Reached skill level 5 in Dodging
  3270 | D:4      | Killed Edmund
  3270 | D:4      | Reached XP level 7. HP: 52/52 MP: 15/15
  3727 | D:5      | Entered Level 5 of the Dungeon
  3787 | D:5      | Got a warped robe
  3798 | D:5      | Identified the +2 robe of Privacy {*Slow MR+ Dex+3 SInv}
                  | (You found it on level 5 of the Dungeon)
  3899 | D:5      | Found a staircase to the Ecumenical Temple.
  4458 | D:5      | Reached XP level 8. HP: 45/60 MP: 16/16
  4716 | Temple   | Entered the Ecumenical Temple
  4782 | Temple   | Became a worshipper of Sif Muna the Loreminder
  5440 | D:6      | Reached skill level 5 in Transmutations
  5440 | D:6      | Reached XP level 9. HP: 65/66 MP: 18/18
  5470 | D:6      | Learned a level 2 spell: Poisonous Vapours
  5718 | D:6      | Reached * piety under Sif Muna
  5730 | D:6      | Found a shadowy altar of Dithmenos.
  5856 | D:7      | Found Woax Suo's Antique Armour Emporium.
  5865 | D:7      | Bought a faintly humming ring mail for 216 gold pieces
  5875 | D:7      | Identified the cursed +0 ring mail of Duty {Int+2} (You
                  | bought it in a shop on level 7 of the Dungeon)
  5913 | D:7      | Got a bloodstained quarterstaff
  5915 | D:7      | Identified the +3 quarterstaff of Dim Light {pain, *Drain
                  | Int+3 Dex+4} (You found it on level 7 of the Dungeon)
  6237 | D:7      | Reached skill level 5 in Fighting
  6598 | D:7      | Noticed a two-headed ogre
  6609 | D:7      | Killed a two-headed ogre
  6609 | D:7      | Reached skill level 5 in Invocations
  6752 | D:7      | Found Xyewkali's Antique Weapon Emporium.
  7078 | D:8      | Noticed Joseph
  7096 | D:8      | Killed Joseph
  7096 | D:8      | Reached XP level 10. HP: 75/75 MP: 20/20
  7126 | D:8      | Noticed Gastronok
  7146 | D:8      | Killed Gastronok
  7146 | D:8      | Reached skill level 5 in Short Blades
  7146 | D:8      | Reached skill level 5 in Long Blades
  7146 | D:8      | Reached skill level 5 in Axes
  7146 | D:8      | Reached skill level 5 in Maces & Flails
  7146 | D:8      | Reached skill level 5 in Polearms
  7146 | D:8      | Reached skill level 5 in Staves
  7146 | D:8      | Reached skill level 5 in Slings
  7146 | D:8      | Reached skill level 5 in Bows
  7146 | D:8      | Reached skill level 5 in Crossbows
  7146 | D:8      | Reached skill level 5 in Throwing
  7146 | D:8      | Reached skill level 5 in Armour
  7146 | D:8      | Reached skill level 5 in Stealth
  7146 | D:8      | Reached skill level 5 in Shields
  7146 | D:8      | Reached skill level 5 in Evocations
  7305 | D:8      | Noticed Prince Ribbit
  7320 | D:8      | Killed Prince Ribbit
  7389 | D:8      | Learned a level 2 spell: Swiftness
  7394 | D:8      | Learned a level 4 spell: Passage of Golubria
  7447 | D:8      | Noticed Harold
  7457 | D:8      | Reached ** piety under Sif Muna
  7465 | D:8      | Noticed Grum
  7802 | D:8      | Killed Harold
  7831 | D:8      | Reached XP level 11. HP: 60/83 MP: 22/22
  8115 | D:8      | Killed Grum
  8431 | D:9      | Reached skill level 5 in Conjurations
  8431 | D:9      | Reached skill level 5 in Hexes
  8431 | D:9      | Reached skill level 5 in Summonings
  8431 | D:9      | Reached skill level 5 in Necromancy
  8431 | D:9      | Reached skill level 5 in Translocations
  8431 | D:9      | Reached skill level 5 in Fire Magic
  8431 | D:9      | Reached skill level 5 in Ice Magic
  8431 | D:9      | Reached skill level 5 in Air Magic
  8431 | D:9      | Reached skill level 5 in Earth Magic
  8431 | D:9      | Reached skill level 5 in Poison Magic
  8764 | D:9      | Found a staircase to the Orcish Mines.
  8880 | D:9      | Found a stormy altar of Qazlal.
  8929 | D:9      | Learned a level 3 spell: Stone Arrow
  9036 | D:9      | Identified the cursed ring "Hego" {AC-4 Int+2}
  9148 | D:9      | Noticed a green ugly thing
  9155 | D:9      | Killed a green ugly thing
  9177 | D:9      | Found Hits's Armour Shoppe.
 10030 | D:10     | Entered Level 10 of the Dungeon
 10042 | D:9      | Learned a level 3 spell: Mephitic Cloud
 10103 | D:10     | Reached *** piety under Sif Muna
 10544 | Orc:1    | Entered Level 1 of the Orcish Mines
 10567 | Orc:1    | Noticed an orc knight
 10947 | D:9      | Learned a level 4 spell: Petrify
 11255 | D:10     | Noticed a two-headed ogre
 11272 | D:10     | Killed a two-headed ogre
 11486 | D:10     | Found a staircase to the Lair.
 11636 | D:10     | Noticed a two-headed ogre
 11656 | D:10     | Killed a two-headed ogre
 11656 | D:10     | Reached XP level 12. HP: 77/92 MP: 24/24
 11731 | D:10     | Learned a level 5 spell: Lee's Rapid Deconstruction
 11815 | D:10     | Found a large runed translucent door.
 11819 | D:10     | Found a large runed translucent door.
 11827 | D:10     | Noticed a centaur warrior
 11829 | D:10     | Noticed a naga warrior
 12160 | D:11     | Reached **** piety under Sif Muna
 12674 | Lair:1   | Entered Level 1 of the Lair of Beasts
 12934 | Lair:1   | Noticed a five-headed hydra
 12950 | Lair:1   | Killed a five-headed hydra
 13414 | Lair:1   | Found a runed translucent gate.
 13414 | Lair:1   | Found a runed translucent gate.
 13415 | Lair:1   | Found a runed translucent gate.
 13416 | Lair:1   | Noticed btv's ghost (journeyman TrDe)
 13755 | Lair:2   | Found a transporter.
 13777 | Lair:2   | Noticed Fannar
 13801 | Lair:2   | Killed Fannar
 13848 | Lair:2   | Found a one-way gate to the infinite horrors of the Abyss.
 13848 | Lair:2   | Noticed Ganog's ghost (journeyman MiBe)
 13908 | Lair:2   | Noticed a five-headed hydra
 13928 | Lair:2   | Killed a five-headed hydra
 13928 | Lair:2   | Reached skill level 10 in Unarmed Combat
 14495 | Lair:1   | Got a crude quarterstaff
 14502 | Lair:1   | Identified the cursed +0 quarterstaff of Dithmenos's
                  | Delight {flame, rPois rC++ rN+ Int-3} (You found it on
                  | level 1 of the Lair of Beasts)
 15016 | D:11     | Noticed a five-headed hydra
 15111 | D:10     | Gained mutation: Armour fits poorly on your strangely
                  | shaped body. [mutagenic glow]
 15129 | D:10     | Gained mutation: Scrolls take you a little longer to read.
                  | [mutagenic glow]
 15213 | D:11     | Killed a five-headed hydra
 15247 | D:11     | Noticed Psyche
 15255 | D:11     | Killed Psyche
 15956 | D:12     | HP: 2/96 [large slime creature (33)]
 15960 | D:12     | Reached XP level 13. HP: 30/101 MP: 26/26
 16726 | D:12     | Noticed dtynewydd's ghost (journeyman DrTm)
 16779 | D:12     | Found a runed translucent gate.
 16779 | D:12     | Found a runed translucent gate.
 16779 | D:12     | Found a runed translucent gate.
 16892 | D:12     | Reached skill level 10 in Fighting
 17114 | D:12     | Reached ***** piety under Sif Muna
 17508 | D:12     | Identified Qomiseto's Papyrus of Freezing Attacks (Sif Muna
                  | gifted it to you on level 12 of the Dungeon)
 17508 | D:12     | Received a gift from Sif Muna
 17810 | D:11     | Learned a level 4 spell: Olgreb's Toxic Radiance
 17814 | D:11     | Learned a level 3 spell: Ignite Poison
 18768 | Orc:1    | Found Datisoun's Assorted Antiques.
 18782 | Orc:1    | Bought a scroll labeled UMOSOMESON for 30 gold pieces
 18824 | Orc:2    | Entered Level 2 of the Orcish Mines
 18825 | Orc:2    | Found a staircase to the Elven Halls.
 19221 | Orc:2    | Reached skill level 10 in Spellcasting
 19548 | Orc:2    | Found Ytainkeb's Jewellery Shoppe.
 19548 | Orc:2    | Found Ruoha's Assorted Antiques.
 19551 | Orc:2    | Found Wetualups's Armour Boutique.
 19551 | Orc:2    | Found Zarat's Book Shoppe.
 19696 | Orc:2    | Bought a +1 pair of boots of running for 438 gold pieces
 19698 | Orc:2    | Bought a scroll of teleportation for 114 gold pieces
 20376 | D:9      | Bought a +4 scale mail of poison resistance for 336 gold
                  | pieces
 20667 | Lair:1   | Killed btv's ghost
 20988 | Lair:2   | Reached XP level 14. HP: 91/111 MP: 28/28
 21178 | Lair:2   | Found a transporter.
 21188 | Lair:2   | Identified the +2 trident of Udall {distort, +Blink rElec
                  | rF+ Str+3}
 21370 | Lair:3   | Reached skill level 10 in Dodging
 21949 | Lair:3   | Identified Sif Muna's Volume of Conjuration (Sif Muna
                  | gifted it to you on level 3 of the Lair of Beasts)
 21949 | Lair:3   | Received a gift from Sif Muna
 22257 | Lair:3   | Found a staircase to the Shoals.
 22561 | Lair:3   | Noticed Nergalle
 22568 | Lair:3   | Killed Nergalle
 23154 | Lair:4   | Reached skill level 10 in Invocations
 23283 | Lair:4   | Found a hole to the Spider Nest.
 25585 | Lair:5   | Found a staircase to the Slime Pits.
 26070 | Lair:6   | Entered Level 6 of the Lair of Beasts
 26404 | Lair:6   | Reached XP level 15. HP: 115/121 MP: 29/29
 26465 | Lair:6   | Received a gift from Sif Muna
 26664 | Lair:6   | Got a pair of jewelled boots
 26716 | Lair:6   | Identified the +1 pair of boots of Leapfrog {Str-3 Dex+4}
                  | (You found it on level 6 of the Lair of Beasts)
 26990 | Lair:6   | Got a fine chain mail
 26993 | Lair:6   | Identified the cursed +0 chain mail of Focus {MR+ rCorr
                  | Stlth+} (You found it on level 6 of the Lair of Beasts)
 27244 | Lair:6   | Reached skill level 10 in Short Blades
 27244 | Lair:6   | Reached skill level 10 in Long Blades
 27244 | Lair:6   | Reached skill level 10 in Axes
 27244 | Lair:6   | Reached skill level 10 in Maces & Flails
 27244 | Lair:6   | Reached skill level 10 in Polearms
 27244 | Lair:6   | Reached skill level 10 in Staves
 27244 | Lair:6   | Reached skill level 10 in Slings
 27244 | Lair:6   | Reached skill level 10 in Bows
 27244 | Lair:6   | Reached skill level 10 in Crossbows
 27244 | Lair:6   | Reached skill level 10 in Throwing
 27244 | Lair:6   | Reached skill level 10 in Armour
 27244 | Lair:6   | Reached skill level 10 in Stealth
 27244 | Lair:6   | Reached skill level 10 in Shields
 27244 | Lair:6   | Reached skill level 10 in Evocations
 27277 | Lair:6   | Noticed Sonja
 27290 | Lair:6   | Killed Sonja
 27415 | Lair:6   | Noticed Josephine
 27421 | Lair:6   | Killed Josephine
 29469 | D:13     | Found a flagged portal.
 29485 | Bailey   | Entered a bailey
 29866 | Bailey   | Received a gift from Sif Muna
 29942 | Bailey   | Reached XP level 16. HP: 120/131 MP: 31/31
 30088 | D:13     | Noticed Maurice
 30095 | D:13     | Killed Maurice
 30173 | D:13     | Got a bloodstained quarterstaff
 30176 | D:13     | Identified the +1 quarterstaff of Boim {venom, Str+7 Dex-2}
                  | (You found it on level 13 of the Dungeon)
 30997 | D:13     | Found Lienikh's Jewellery Emporium.
 31574 | Orc:2    | Bought the ring of Dotaicit {rN+ MR+ Int+3} for 595 gold
                  | pieces
 31703 | Elf:1    | Entered Level 1 of the Elven Halls
 32065 | D:14     | Found a gate to the Vaults.
 32348 | Shoals:1 | Entered Level 1 of the Shoals
 32762 | D:14     | Found Fumouret's Changing Room.
 32895 | D:14     | Identified Uclebasmirr's Guide on Orientation (Sif Muna
                  | gifted it to you on level 14 of the Dungeon)
 32895 | D:14     | Received a gift from Sif Muna
 32904 | D:14     | Reached XP level 17. HP: 137/137 MP: 22/32
 33316 | D:14     | Lost mutation: Scrolls take you a little longer to read.
                  | [potion of mutation]
 33316 | D:14     | Lost mutation: Armour fits poorly on your strangely shaped
                  | body. [potion of mutation]
 33316 | D:14     | Gained mutation: You are partially covered in iridescent
                  | scales. (AC +2) [potion of mutation]
 33316 | D:14     | Gained mutation: Potions are less effective at restoring
                  | your health. [potion of mutation]
 33316 | D:14     | Gained mutation: You are partially covered in rugged brown
                  | scales. (AC +1, +3% HP) [potion of mutation]
 34092 | Shoals:1 | Reached skill level 10 in Transmutations
 34538 | Shoals:1 | Noticed Donald
 34547 | Shoals:1 | Killed Donald
 34835 | Shoals:1 | Noticed a kraken
 34858 | Shoals:1 | Killed a kraken
 37046 | Shoals:4 | Entered Level 4 of the Shoals
 37082 | Shoals:4 | Received a gift from Sif Muna
 37211 | Shoals:4 | Identified Sif Muna's Tome of Ignition and Attacks
 37367 | Shoals:4 | Noticed Mara
 37376 | Shoals:4 | Noticed Lugonue's illusion
 37377 | Shoals:4 | Killed Mara
 37680 | Shoals:4 | Got a barnacled rune of Zot
 37873 | Shoals:4 | Reached XP level 18. HP: 151/151 MP: 34/34
 38441 | Shoals:4 | Reached skill level 10 in Conjurations
 38441 | Shoals:4 | Reached skill level 10 in Hexes
 38441 | Shoals:4 | Reached skill level 10 in Summonings
 38441 | Shoals:4 | Reached skill level 10 in Necromancy
 38441 | Shoals:4 | Reached skill level 10 in Translocations
 38441 | Shoals:4 | Reached skill level 10 in Fire Magic
 38441 | Shoals:4 | Reached skill level 10 in Ice Magic
 38441 | Shoals:4 | Reached skill level 10 in Air Magic
 38441 | Shoals:4 | Reached skill level 10 in Earth Magic
 38441 | Shoals:4 | Reached skill level 10 in Poison Magic
 38733 | Spider:1 | Entered Level 1 of the Spider Nest
 38736 | Spider:1 | Identified Wimofif's Incunabulum of Arcane Weapons and
                  | Unholy Rituals (Sif Muna gifted it to you on level 1 of the
                  | Spider Nest)
 38736 | Spider:1 | Received a gift from Sif Muna
 38736 | Spider:1 | Reached skill level 15 in Fighting
 39670 | Spider:2 | Noticed Arachne
 39702 | Spider:2 | Killed Arachne
 39702 | Spider:2 | Identified Sif Muna's Incunabulum of Twisted Transmigration
                  | (Sif Muna gifted it to you on level 2 of the Spider Nest)
 39702 | Spider:2 | Received a gift from Sif Muna
 40100 | Spider:1 | Learned a level 6 spell: Freezing Cloud
 40107 | Spider:1 | Learned a level 6 spell: Iron Shot
 40119 | Spider:1 | Learned a level 6 spell: Statue Form
 41273 | Spider:3 | Identified a scroll of acquirement
 41273 | Spider:3 | Acquired 910 gold pieces
 41491 | Spider:3 | Got a masterwork mace
 41492 | Spider:3 | Identified the +10 mace "Cebradeoz" {flame, rC+} (You found
                  | it on level 3 of the Spider Nest)
 41494 | Spider:3 | Found a transporter.
 41507 | Spider:3 | Acquired 716 gold pieces
 41560 | Spider:3 | Acquired 856 gold pieces
 41959 | Spider:3 | Found a transporter.
 42018 | Spider:3 | Got a fine brass ring
 42019 | Spider:3 | Identified the ring "Cuxalleg" {rC+ MR+} (You found it on
                  | level 3 of the Spider Nest)
 42038 | Spider:3 | Got a shimmering bronze ring
 42039 | Spider:3 | Identified the ring "Tuiciab Raez" {rPois rF++ MR+++ AC+4
                  | Dex-3} (You found it on level 3 of the Spider Nest)
 42103 | Spider:4 | Entered Level 4 of the Spider Nest
 42361 | Spider:4 | Reached XP level 19. HP: 130/161 MP: 36/36
 42780 | Spider:4 | Received a gift from Sif Muna
 42802 | Spider:4 | Learned a level 2 spell: Blink
 44149 | Spider:4 | Got a gossamer rune of Zot
 44426 | Vaults:1 | Entered Level 1 of the Vaults
 46043 | Vaults:1 | Found Olottib's Assorted Antiques.
 46057 | Vaults:1 | Bought a potion of haste for 210 gold pieces
 46057 | Vaults:1 | Bought a phantom mirror for 630 gold pieces
 46059 | Vaults:1 | Found a hazy altar of Hepliaklqana.
 46151 | Vaults:1 | Received a gift from Sif Muna
 47692 | Elf:1    | Reached XP level 20. HP: 158/170 MP: 37/37
 48671 | Elf:1    | Found a transporter.
 48685 | Elf:1    | You fall into a shaft and drop 1 floor!
 48698 | Elf:2    | Found a large runed translucent door.
 48698 | Elf:2    | Found a large runed translucent door.
 48698 | Elf:2    | Found a large runed translucent door.
 48698 | Elf:2    | Found a large runed translucent door.
 49300 | Elf:2    | Identified Yfanixoa's Disquisition on Noxious Lightness
                  | (Sif Muna gifted it to you on level 2 of the Elven Halls)
 49300 | Elf:2    | Received a gift from Sif Muna
 49638 | Elf:2    | Acquired 602 gold pieces
 49961 | Elf:3    | Entered Level 3 of the Elven Halls
 50074 | Elf:3    | Noticed Aizul
 50110 | Elf:3    | Learned a level 7 spell: Dragon Form
 50178 | Elf:3    | Learned a level 6 spell: Invisibility
 50200 | Elf:3    | Killed Aizul
 50607 | Elf:3    | Found Giocruwa's General Store.
 51193 | Elf:3    | Identified a +0 pair of boots of running (You found it on
                  | level 3 of the Elven Halls)
 51833 | Elf:3    | Identified the +6 great sword of Forgiveness {protect, rN+
                  | Str+3 Int-4}
 51841 | Elf:3    | Identified the +8 rapier "Beastslayer" {vorpal, MP+9 Int+4}
 51853 | Elf:3    | Reached XP level 21. HP: 179/180 MP: 21/39
 51906 | Elf:3    | Identified Etaherept's Compendium of Glamour (Sif Muna
                  | gifted it to you on level 3 of the Elven Halls)
 51906 | Elf:3    | Received a gift from Sif Muna
 52406 | Elf:3    | Learned a level 5 spell: Summon Forest
 52468 | Elf:3    | Got a steaming scale mail
 52470 | Elf:3    | Identified the +4 scale mail of the Last Xalams {-Cast
                  | rCorr Str+2 Dex+2} (You found it on level 3 of the Elven
                  | Halls)
 52816 | Elf:3    | Identified the ring "Ydwoerig" {rElec rF++ MR+ Dex-4
                  | Stlth+}
 53095 | D:14     | Learned a level 7 spell: Summon Hydra
 54731 | Vaults:2 | Found a staircase to the Crypt.
 54912 | Vaults:2 | Reached skill level 15 in Unarmed Combat
 55702 | Vaults:3 | Identified Ontoqer's Compendium of Attacks (Sif Muna gifted
                  | it to you on level 3 of the Vaults)
 55702 | Vaults:3 | Received a gift from Sif Muna
 55702 | Vaults:3 | Reached skill level 15 in Invocations
 57041 | Vaults:3 | Reached XP level 22. HP: 190/190 MP: 40/40
 58089 | Vaults:4 | Identified Sif Muna's Disquisition on Unholy Combat Magic
                  | (Sif Muna gifted it to you on level 4 of the Vaults)
 58089 | Vaults:4 | Received a gift from Sif Muna
 58432 | Vaults:4 | Reached skill level 15 in Bows
 58726 | Vaults:4 | Reached skill level 15 in Spellcasting
 59617 | Vaults:4 | Learned a level 8 spell: Necromutation
 59629 | Vaults:4 | Learned a level 7 spell: Haunt
 59630 | Vaults:5 | Entered Level 5 of the Vaults
 59630 | Vaults:5 | Noticed an ancient lich
 59630 | Vaults:5 | Noticed a golden dragon
 59636 | Vaults:5 | Reached skill level 15 in Dodging
 59636 | Vaults:5 | Noticed a golden dragon
 59651 | Vaults:4 | Killed an ancient lich
 59945 | Vaults:4 | Killed a golden dragon
 60047 | Vaults:4 | Killed a golden dragon
 60909 | Vaults:5 | Noticed a golden dragon
 60921 | Vaults:5 | Killed a golden dragon
 60950 | Vaults:5 | Reached XP level 23. HP: 60/199 MP: 13/42
 60982 | Vaults:5 | Found the amulet of the Four Winds {rN+ MR+++ Clar}
 61406 | Vaults:5 | Noticed a golden dragon
 61422 | Vaults:5 | Killed a golden dragon
 61709 | Vaults:5 | Noticed a golden dragon
 61723 | Vaults:5 | Killed a golden dragon
 62478 | Vaults:5 | Received a gift from Sif Muna
 62547 | Vaults:5 | Learned a level 8 spell: Lehudib's Crystal Spear
 62656 | Vaults:5 | Noticed a golden dragon
 62661 | Vaults:5 | Noticed a golden dragon
 62690 | Vaults:5 | Killed a golden dragon
 62691 | Vaults:5 | Killed a golden dragon
 62696 | Vaults:5 | Identified the +7 shortbow "Owne Biq" {flame, rC- Str+3
                  | Dex+3}
 62953 | Vaults:5 | Identified the cursed +1 mace "Inaymnirr" {vorpal, Str+2
                  | Dex+4} (You found it on level 5 of the Vaults)
 63006 | Vaults:5 | Reached skill level 15 in Short Blades
 63006 | Vaults:5 | Reached skill level 15 in Long Blades
 63006 | Vaults:5 | Reached skill level 15 in Axes
 63006 | Vaults:5 | Reached skill level 15 in Maces & Flails
 63006 | Vaults:5 | Reached skill level 15 in Polearms
 63006 | Vaults:5 | Reached skill level 15 in Staves
 63006 | Vaults:5 | Reached skill level 15 in Slings
 63006 | Vaults:5 | Reached skill level 15 in Crossbows
 63006 | Vaults:5 | Reached skill level 15 in Throwing
 63006 | Vaults:5 | Reached skill level 15 in Armour
 63006 | Vaults:5 | Reached skill level 15 in Stealth
 63006 | Vaults:5 | Reached skill level 15 in Shields
 63006 | Vaults:5 | Reached skill level 15 in Evocations
 63670 | Vaults:5 | Noticed an ancient lich
 64348 | Vaults:5 | Killed an ancient lich
 66133 | Vaults:5 | Got a scorched kite shield
 66144 | Vaults:5 | Identified the +3 kite shield "Zucutoar" {-Cast rElec rCorr
                  | Slay+3} (You found it on level 5 of the Vaults)
 66148 | Vaults:5 | Got a distressingly furry scale mail
 66149 | Vaults:5 | Identified the cursed +0 scale mail of Love and Death
                  | {rElec rC+ Dex+4 Stlth+} (You found it on level 5 of the
                  | Vaults)
 66338 | Vaults:5 | Got a silver rune of Zot
 66630 | D:15     | Entered Level 15 of the Dungeon
 66652 | D:15     | Found a staircase to the Depths.
 66917 | D:15     | Found a frozen archway.
 66955 | IceCv    | Entered an ice cave
 68066 | D:15     | Received a gift from Sif Muna
 68168 | D:15     | Reached XP level 24. HP: 209/209 MP: 42/42
 68198 | D:15     | Gained mutation: You are occasionally teleported next to
                  | monsters. [mutagenic glow]
 68211 | D:15     | Gained mutation: You are frail. (-10% HP) [mutagenic glow]
 68744 | D:15     | Lost mutation: Potions are less effective at restoring your
                  | health. [potion of mutation]
 68744 | D:15     | Lost mutation: You are occasionally teleported next to
                  | monsters. [potion of mutation]
 68744 | D:15     | Lost mutation: You are partially covered in iridescent
                  | scales. (AC +2) [potion of mutation]
 68744 | D:15     | Gained mutation: Your movements are slightly less
                  | encumbered by armour. (ER -2) [potion of mutation]
 68744 | D:15     | Gained mutation: You occasionally shout uncontrollably at
                  | your foes. [potion of mutation]
 68744 | D:15     | Gained mutation: You are partially covered in large bone
                  | plates. (SH +4) [potion of mutation]
 68744 | D:15     | Gained mutation: Your mind is acute. (Int +2) [potion of
                  | mutation]
 68796 | Depths:1 | Entered Level 1 of the Depths
 68892 | Depths:1 | Noticed an ancient lich
 68900 | Depths:1 | Noticed Ozoshraha's ghost (adept MiFi)
 68901 | Depths:1 | Found a transporter.
 69356 | Depths:1 | Identified the ring "Buitagoy" {*Drain rPois MP+9 Dex+6}
 69788 | Depths:1 | Found a transporter.
 70157 | Depths:1 | Found a gateway to Hell.
 71183 | Depths:1 | Found a one-way gate leading to the halls of Pandemonium.
 71431 | Depths:2 | Identified Sif Muna's Reference Book on the Excruciating
                  | Escort (Sif Muna gifted it to you on level 2 of the Depths)
 71431 | Depths:2 | Received a gift from Sif Muna
 71453 | Depths:2 | Learned a level 7 spell: Summon Greater Demon
 72888 | Depths:2 | Identified the cursed +10 giant club "Areuh" {vamp, Dex+4}
 72888 | Depths:2 | Identified the +9 giant club of Ru's Favour {protect, rC+}
 72941 | Depths:2 | Noticed the Enchantress
 72949 | Depths:2 | Killed the Enchantress
 73128 | Depths:2 | Got a dazzling rapier
 73129 | Depths:2 | Identified the cursed +2 rapier "Imp's Death" {vorpal,
                  | rPois Str+3} (You found it on level 2 of the Depths)
 73150 | Depths:2 | Got a brightly glowing spear
 73151 | Depths:2 | Identified the cursed +3 spear "Zoacro" {vamp, rC+ MR+}
                  | (You found it on level 2 of the Depths)
 73490 | Depths:2 | Found a bloodstained altar of Trog.
 73496 | Depths:2 | Identified Sif Muna's Tome of Curses and Snow (Sif Muna
                  | gifted it to you on level 2 of the Depths)
 73496 | Depths:2 | Received a gift from Sif Muna
 75072 | Depths:3 | Found Qirghe Ugianu's Assorted Antiques.
 75103 | Depths:3 | Reached XP level 25. HP: 181/195 MP: 43/43
 75144 | Depths:3 | Bought a scroll of enchant weapon for 270 gold pieces
 75673 | Depths:4 | Noticed Xtahua
 75694 | Depths:3 | Killed Xtahua
 76214 | Depths:4 | Noticed Saint Roka
 76215 | Depths:4 | Found a magical portal.
 76236 | WizLab   | Entered Wucad Mu's Monastery
 76427 | WizLab   | Found the +9 staff of Wucad Mu {channel}
 76969 | Depths:4 | Killed Saint Roka
 76972 | Depths:4 | Identified Sif Muna's Compendium of the Unstable Birds (Sif
                  | Muna gifted it to you on level 4 of the Depths)
 76972 | Depths:4 | Received a gift from Sif Muna
 77015 | Depths:4 | Learned a level 8 spell: Ignition
 77713 | Depths:4 | Found a gateway to a ziggurat.
 78600 | Zig:1    | Entered Level 1 of a ziggurat
 78600 | Zig:1    | Noticed a greater mummy
 78616 | Zig:1    | HP: 7/198 [emperor scorpion[a greater mummy] (13)]
 78617 | Depths:4 | HP: 1/198 [poisoned by an emperor scorpion]
 78619 | Depths:4 | Reached XP level 26. HP: 12/206 MP: 3/43
 79088 | Depths:4 | Noticed Sojobo
 79101 | Depths:4 | Killed Sojobo
 79600 | Depths:4 | Identified the Incunabulum of Companions and the Voyage
 79748 | Depths:5 | Entered Level 5 of the Depths
 80251 | Depths:5 | Found a gate to the Realm of Zot.
 80522 | Depths:5 | Learned a level 6 spell: Iron Shot
 81145 | Depths:5 | Found Hagypyny's Antique Armour Shoppe.
 81222 | Depths:5 | Found a corrupted altar of Lugonu.
 82061 | Crypt:1  | Entered Level 1 of the Crypt
 82807 | Crypt:1  | Reached XP level 27. HP: 173/212 MP: 30/44
 82809 | Crypt:1  | Received a gift from Sif Muna
 83704 | Crypt:2  | Noticed Mennas
 84131 | Crypt:2  | Noticed Margery
 84145 | Crypt:2  | Noticed Bai Suzhen
 84145 | Crypt:2  | Noticed Khufu
 84171 | Crypt:2  | Killed Mennas
 84188 | Crypt:2  | Killed Bai Suzhen
 84221 | Crypt:2  | Killed Khufu
 84228 | Crypt:2  | Identified the +5 plate armour "Nuniqyxe" {Dex+4} (You
                  | found it on level 2 of the Crypt)
 84310 | Crypt:2  | Killed Margery
 84845 | Crypt:2  | Identified Sif Muna's Catalogue of Supportive Intoxication
                  | (Sif Muna gifted it to you on level 2 of the Crypt)
 84845 | Crypt:2  | Received a gift from Sif Muna
 84872 | Crypt:2  | Learned a level 8 spell: Summon Horrible Things
 85392 | Crypt:3  | Entered Level 3 of the Crypt
 85400 | Crypt:3  | Noticed Jory
 85416 | Crypt:3  | Killed Jory
 85416 | Crypt:3  | Reached skill level 15 in Transmutations
 86211 | Crypt:3  | Found a staircase to the Tomb.
 86269 | Crypt:3  | Identified the cursed +0 battleaxe of Impermanence {vorpal,
                  | rF++ Str+3} (You found it on level 3 of the Crypt)
 86345 | Crypt:3  | Found an ancient bone altar of Kikubaaqudgha.
 86562 | Crypt:3  | Noticed an ancient lich
 86566 | Crypt:3  | Killed an ancient lich
 88181 | Slime:1  | Entered Level 1 of the Pits of Slime
 88700 | Slime:5  | Entered Level 5 of the Pits of Slime
 88825 | Slime:5  | Learned a level 8 spell: Chain Lightning
 88836 | Slime:5  | Learned a level 8 spell: Discord
 88839 | Slime:5  | Noticed the Royal Jelly
 88840 | Slime:5  | Found a viscous altar of Jiyva.
 88869 | Slime:5  | Killed the Royal Jelly
 88935 | Slime:5  | Identified Ecoit's Incunabulum of Dark Rituals
 88969 | Slime:5  | Got a slimy rune of Zot
 89012 | Slime:5  | Got a smoking pewter ring
 89013 | Slime:5  | Identified the ring "Wuereala" {rPois rF- Str+4 Int+6} (You
                  | found it on level 5 of the Pits of Slime)
 89029 | Slime:5  | Identified the +6 triple sword "Jounusk" {pain, Str+3} (You
                  | found it on level 5 of the Pits of Slime)
 89031 | Slime:5  | Got a twitching bone ring
 89032 | Slime:5  | Identified the ring of Jirytibuu {Ice MR+} (You found it on
                  | level 5 of the Pits of Slime)
 89036 | Slime:5  | Identified the +8 ring mail of Miracles {rF+ Dex+4 Slay+3}
                  | (You found it on level 5 of the Pits of Slime)
 89717 | Elf:3    | Bought a scroll of amnesia for 56 gold pieces
 89725 | Elf:3    | Learned a level 6 spell: Ozocubu's Refrigeration
 89963 | Lair:2   | Killed Ganog's ghost
 90032 | Lair:2   | Voluntarily entered the Abyss.
 90069 | Abyss:2  | Found a corrupted altar of Lugonu.
 90103 | Abyss:3  | Reached skill level 15 in Conjurations
 90103 | Abyss:3  | Reached skill level 15 in Hexes
 90103 | Abyss:3  | Reached skill level 15 in Summonings
 90103 | Abyss:3  | Reached skill level 15 in Necromancy
 90103 | Abyss:3  | Reached skill level 15 in Translocations
 90103 | Abyss:3  | Reached skill level 15 in Fire Magic
 90103 | Abyss:3  | Reached skill level 15 in Ice Magic
 90103 | Abyss:3  | Reached skill level 15 in Air Magic
 90103 | Abyss:3  | Reached skill level 15 in Earth Magic
 90103 | Abyss:3  | Reached skill level 15 in Poison Magic
 90110 | Abyss:3  | Noticed an ancient lich
 90122 | Abyss:3  | Killed an ancient lich
 90144 | Abyss:3  | Got an abyssal rune of Zot
 90152 | Lair:2   | Escaped the Abyss
 90411 | Hell     | Entered the Vestibule of Hell
 90411 | Hell     | Noticed Geryon
 90427 | Hell     | Killed Geryon
 90448 | Hell     | Found a gateway to the ashen valley of Gehenna.
 90731 | Hell     | Found a gateway to the freezing wastes of Cocytus.
 90731 | Hell     | Noticed Murray
 90742 | Hell     | Killed Murray
 91070 | Hell     | Found a gateway to the decaying netherworld of Tartarus.
 91311 | Hell     | Found a gateway to the Iron City of Dis.
 91444 | Depths:1 | Learned a level 8 spell: Disjunction
 91541 | Zot:1    | Entered Level 1 of the Realm of Zot
 91545 | Zot:1    | Got a pitted kite shield
 91546 | Zot:1    | Identified the +5 kite shield of Lies {Int+2} (You found it
                  | on level 1 of the Realm of Zot)
 94305 | Zot:3    | You fall into a shaft and drop 1 floor!
 94619 | Zot:3    | Got a pair of scorched gloves
 94620 | Zot:3    | Identified the +0 pair of gloves "Eden" {Rampage rN+ Str-2}
                  | (You found it on level 3 of the Realm of Zot)
 95256 | Zot:3    | Reached ****** piety under Sif Muna
 95378 | Zot:3    | Noticed an orb of fire
 95855 | Pan      | Entered Pandemonium
 97021 | Pan      | Acquired a manual of Dodging
 97627 | Pan      | Found a glowing golden altar of the Shining One.
 97640 | Pan      | Identified the +6 scythe of Doubt {flame, rN+}
 97640 | Pan      | Identified the amulet of Taedaox {Spirit MR+}
 97640 | Pan      | Noticed a seraph
 97671 | Pan      | Killed a seraph
 98159 | Pan      | Got a demonic rune of Zot
 98162 | Pan      | Identified the ring "Neresaec" {SInv Stlth+} (You found it
                  | in Pandemonium)
 98581 | Pan      | Identified the +0 buckler "Vuwimob" {Harm rPois rC++ Str-2}
 98996 | Pan      | Identified the +8 tower shield of Knowledge {Int+6}
 99014 | Pan      | Identified the -7 tower shield of Duck's Teeth {rPois rF+
                  | Str+3}
 99019 | Depths:1 | Escaped Pandemonium
 99752 | Pan      | Entered Pandemonium
100147 | Pan      | Found a runed translucent door.
100273 | Pan      | Noticed Teeleg the pandemonium lord
100710 | Pan      | Killed Teeleg the pandemonium lord
100937 | Pan      | Entered the realm of Cerebov.
100980 | Pan      | Got a pitted golden amulet
100981 | Pan      | Identified the amulet "Ettakaho" {Faith rPois rF- Dex+4
                  | Stlth+} (You found it in Pandemonium)
100999 | Pan      | Learned a level 9 spell: Absolute Zero
101023 | Pan      | Identified the +6 sword of Cerebov {flame}
101023 | Pan      | Noticed Cerebov
101040 | Pan      | Gained mutation: Your magical capacity is low. (-10% MP)
                  | [mutagenic glow]
101068 | Pan      | Lost mutation: Your mind is acute. (Int +2) [mutagenic
                  | glow]
101478 | Pan      | Identified the Papyrus of the Shifting Birds
101487 | Pan      | Got a dazzling great sword
101488 | Pan      | Identified the +8 great sword "Jabram" {vorpal, MR+ MP+9
                  | Stlth+} (You found it in Pandemonium)
101507 | Pan      | Killed Cerebov
101540 | Pan      | Got a fiery rune of Zot
101604 | Pan      | Identified the ring of Peigroor {Wiz rElec}
102897 | Pan      | Noticed Mehagg the pandemonium lord
102915 | Pan      | Killed Mehagg the pandemonium lord
103658 | Pan      | Entered the realm of Gloorx Vloq.
103962 | Pan      | Found an exit through the horrors of the Abyss.
104488 | Pan      | Noticed Gloorx Vloq
105062 | Pan      | Killed Gloorx Vloq
105093 | Pan      | Got a dark rune of Zot
105204 | Pan      | Entered the realm of Mnoleg.
105417 | Pan      | Noticed Mnoleg
105435 | Pan      | Killed Mnoleg
105480 | Pan      | Got a glowing rune of Zot
105595 | Pan      | Entered the realm of Lom Lobon.
105605 | Pan      | Noticed Lom Lobon
105616 | Pan      | Killed Lom Lobon
105722 | Pan      | Got a magical rune of Zot
106256 | Pan      | Found an exit through the horrors of the Abyss.
107703 | Pan      | Got a smouldering ring mail
107704 | Pan      | Identified the cursed +1 ring mail of Wurhaluh {rF+} (You
                  | found it in Pandemonium)
107919 | Pan      | Found an exit through the horrors of the Abyss.
108111 | Pan      | Noticed Tixze the pandemonium lord
108114 | Pan      | Gained mutation: You are weak. (Str -2) [a cacodemon]
108120 | Pan      | Killed Tixze the pandemonium lord
108371 | Pan      | Noticed Nengyec the pandemonium lord
108399 | Pan      | Killed Nengyec the pandemonium lord
108992 | Pan      | Found an exit through the horrors of the Abyss.
109277 | Pan      | Noticed Ecojamix the pandemonium lord
109543 | Pan      | Killed Ecojamix the pandemonium lord
109753 | Depths:1 | Escaped Pandemonium
110101 | Orc:1    | Bought a scroll of enchant armour for 225 gold pieces
110136 | D:9      | Learned a level 9 spell: Fire Storm
110368 | Coc:1    | Entered Level 1 of Cocytus
110988 | Coc:7    | Entered Level 7 of Cocytus
111898 | Coc:7    | Got a scorched ring mail
111899 | Coc:7    | Identified the +6 ring mail of Fibur {Rampage rN+ Dex-5
                  | SInv} (You found it on level 7 of Cocytus)
111934 | Coc:7    | Identified the ring of Daqed {Wiz rF+ Dex+2}
111934 | Coc:7    | Noticed Antaeus
111941 | Coc:7    | Killed Antaeus
111960 | Coc:7    | Got an icy rune of Zot
111998 | Coc:7    | Identified the Reference Book on Feathery Transmutation
112294 | Hell     | Learned a level 9 spell: Dragon's Call
112297 | Dis:1    | Entered Level 1 of the Iron City of Dis
114709 | Dis:7    | Entered Level 7 of the Iron City of Dis
115161 | Dis:7    | Identified the +4 staff of Dispater
115161 | Dis:7    | Noticed Dispater
115164 | Dis:7    | Killed Dispater
115198 | Dis:7    | Identified The Intricacies of Thaumaturgy
115206 | Dis:7    | Got an iron rune of Zot
115506 | Geh:1    | Entered Level 1 of Gehenna
115950 | D:10     | Lost mutation: Your magical capacity is low. (-10% MP)
                  | [potion of mutation]
115950 | D:10     | Lost mutation: You occasionally shout uncontrollably at
                  | your foes. [potion of mutation]
115950 | D:10     | Lost mutation: You are weak. (Str -2) [potion of mutation]
115950 | D:10     | Lost mutation: You are frail. (-10% HP) [potion of
                  | mutation]
115950 | D:10     | Gained mutation: Your spells are a little easier to cast,
                  | but a little less powerful. [potion of mutation]
115950 | D:10     | Gained mutation: You have a pair of small horns on your
                  | head. [potion of mutation]
115950 | D:10     | Gained mutation: You are somewhat resistant to further
                  | mutation. [potion of mutation]
116147 | Tar:1    | Entered Level 1 of Tartarus
118795 | Tar:7    | Entered Level 7 of Tartarus
118929 | Tar:7    | Noticed the Serpent of Hell
118933 | Tar:7    | Killed the Serpent of Hell
118951 | Tar:7    | Noticed Ereshkigal
118964 | Tar:7    | Got a bone rune of Zot
118972 | Tar:7    | Killed Ereshkigal
119831 | Hell     | Lost mutation: You are partially covered in rugged brown
                  | scales. (AC +1, +3% HP) [potion of mutation]
119831 | Hell     | Lost mutation: You have a pair of small horns on your head.
                  | [potion of mutation]
119831 | Hell     | Lost mutation: Your spells are a little easier to cast, but
                  | a little less powerful. [potion of mutation]
119831 | Hell     | Lost mutation: You are somewhat resistant to further
                  | mutation. [potion of mutation]
119831 | Hell     | Gained mutation: You have supernaturally acute eyesight.
                  | (SInv) [potion of mutation]
119831 | Hell     | Gained mutation: You are covered in fur. (AC +1) [potion of
                  | mutation]
119831 | Hell     | Gained mutation: Your system is resistant to poisons.
                  | (rPois) [potion of mutation]
120678 | Geh:7    | Entered Level 7 of Gehenna
121020 | Geh:7    | Killed from afar by a hellion

Illustrated notes

Levels and vault maps discovered:
D:1:      lightli_arrival_noodles, layout_basic, kennysheep_small_spiral
D:2:      layout_rooms, minmay_fountain_box, minmay_tromino_i4
D:3:      cheibrodos_greedy_goblins, layout_basic
D:4:      layout_loops_ring, zin_treasury, grunt_decor_arrowhead, uniq_edmund
D:5:      cheibrodos_barr_body, layout_loops_corners,
          minmay_temple_entry_sparse_star
D:6:      minmay_clustersquares, layout_cave_pools,
          nicolae_dithmenos_through_a_glass_darkly
D:7:      layout_loops_ring, serial_shops, shop, kennysheep_mini_moat
D:8:      layout_rooms, kennysheep_nondescript, minmay_misc_feat_pillars,
          glass_columns_c, uniq_prince_ribbit1, uniq_harold, uniq_joseph,
          uniq_grum, uniq_gastronok
D:9:      minmay_the_grid_square_5x5_4x4 [minmay_the_grid_square_5x5_n,
          minmay_the_grid_square_5x5_inner_i, minmay_the_grid_square_5x5_v,
          minmay_the_grid_square_5x5_comb,
          minmay_the_grid_square_5x5_sharp_hourglass,
          minmay_the_grid_square_5x5_prize_waves,
          minmay_the_grid_square_5x5_prize_open,
          minmay_the_grid_square_5x5_longway,
          minmay_the_grid_square_5x5_moneybag,
          minmay_the_grid_square_5x5_prize_deathbox,
          minmay_the_grid_square_5x5_prize_itemx,
          minmay_the_grid_square_5x5_shuriken,
          minmay_the_grid_square_5x5_beaten_path,
          minmay_the_grid_square_5x5_minibox,
          minmay_the_grid_square_5x5_eight_small,
          minmay_the_grid_square_5x5_misaligned], layout_cave_pods, david_orc_2,
          serial_shops, nicolae_shop_stone, nicolae_qazlal_general_emergency
D:10:     okawaru_arena_lexackson, layout_rooms, minmay_lair_entry_grove
D:11:     layout_cross, serial_column_ruins, column_ruins_courtyard_long,
          column_ruins_corridor_water, column_ruins_open_tiny,
          column_ruins_open_small, column_ruins_corridor_straight,
          column_ruins_grid_1, column_ruins_open_tiny,
          column_ruins_columns_corner, minmay_fractal_squares_5, uniq_psyche
D:12:     layout_roguey, gammafunk_ghost_icy
D:13:     layout_cave_pools, enter_bailey_2, special_room [special_room_bee],
          serial_shops, nicolae_shop_behind_doors, corexii_leaking_fountain,
          minivault_10, hangedman_devilish_allure, uniq_maurice
D:14:     layout_basic, grunt_vaults_entry_tiered, nicolae_transmutations_shop
D:15:     gammafunk_depths_entry_grave, layout_loops_ring,
          portal_ice_cave_entry_ice_beasts, roderic_filled_cross
Temple:   roderic_octagonal_lattice_temple
Lair:1:   layout_loops_ring, ebering_ghost_rock_garden, minivault_19
Lair:2:   layout_chaotic_city, gammafunk_ghost_abyssal_escape,
          grunt_megastairs_5, uniq_fannar
Lair:3:   layout_gridlike, minmay_shoals_entry_beasts, lemuel_fruit_fields,
          uniq_nergalle
Lair:4:   layout_cave_pods, dummy_spider_entry, worms_lemuel
Lair:5:   layout_misc_corridors, minmay_slime_entry_pillars
Lair:6:   evilmike_catoblepas_cave, layout_loops_ring,
          minmay_lair_oklob_chamber, lemuel_fruit_tree, uniq_sonja,
          uniq_josephine
Shoals:1: layout_shoals, uniq_donald
Shoals:2: layout_shoals, nicolae_shoals_loop_pool
Shoals:3: layout_shoals
Shoals:4: shoals_end_grunt_ice, layout_shoals, nicolae_shoals_mertower,
          uniq_mara
Spider:1: layout_spider_delve
Spider:2: layout_spider_delve, nicolae_orb_stairs, uniq_arachne
Spider:3: gammafunk_its_a_trap
Spider:4: grunt_spider_rune_island
Slime:1:  layout_caves
Slime:2:  layout_caves
Slime:3:  layout_caves, cheibrodos_slime_lost_civilization_7
Slime:4:  layout_caves
Slime:5
Orc:1:    layout_caves, serial_shops, shop
Orc:2:    grunt_orc_tribal_feast, layout_caves
Elf:1:    layout_rooms, gammafunk_ghost_berserking_beasts, minivault_28,
          minivault_4, drop_trap
Elf:2:    layout_geoelf_octagon, serial_glass, glass_columns_a, glass_columns_a
Elf:3:    grunt_elf_hall_diamonds, layout_geoelf_castle, serial_shops,
          nicolae_shop_trees, uniq_aizul
Vaults:1: nicolae_vaults_hallways_thing, v_misc_14, ontoclasm_vaults_eye,
          hangedman_vaults_cutoff, vaults_standard_mumra_lines,
          vaults_room_hangedman_quadrants, v_rooms_2, vaults_mumra_hexcomb,
          vaults_mumra_minichess, layout_vaults_chaotic_city, serial_shops,
          nicolae_shop_overgrown_old_shop, basic_altar
Vaults:2: minmay_crypt_entry_simple_round, ontoclasm_vaults_misaligned,
          ontoclasm_vaults_shout, vaults_room_fancy_cross,
          nicolae_vaults_circle_grid_b, nicolae_vaults_big_angled_halls,
          hangedman_vaults_trim, nicolae_vaults_three_branches,
          hangedman_vaults_slice, ontoclasm_vaults_decontamination,
          vaults_room_pools, layout_vaults_ring
Vaults:3: ontoclasm_vaults_misaligned, v_misc_8, hangedman_vaults_corner_blocks,
          vaults_mumra_chevron_long, v_alt_pattern_4, v_misc_29,
          hangedman_vaults_hat, v_rooms_5, v_misc_26, v_misc_15, v_misc_3,
          v_misc_15, layout_vaults_maze_snakey
Vaults:4: ontoclasm_vaults_tryst, nicolae_vaults_network_square,
          grunt_vaults_bifocal, vaults_room_fours, nicolae_vaults_quartermaster,
          layout_vaults_omnigrid
Vaults:5: serial_shops
Crypt:1:  layout_chaotic_city, st_stairs_4, minmay_misc_feat_ornament,
          serial_sigils_hangedman_snap
Crypt:2:  layout_catacombs, uniq_bai_suzhen, uniq_mennas, uniq_khufu,
          uniq_margery
Crypt:3:  evilmike_haunted_forest, uniq_jory
Depths:1: layout_roguey, chequers_decorated_corner, rand_demon_pan_entry_1,
          hangedman_coc_ice_floe, gammafunk_ghost_mausoleum,
          minmay_misc_feat_enclosed, minmay_swirly_circle
Depths:2: spriggan_forest, hell_entry
Depths:3: kennysheep_blocky_hall, layout_long_grid, pan_entry, serial_shops,
          nicolae_shop_overgrown_old_shop, hell_entry,
          kennysheep_generic_room_11, infiniplex_staircase_pool_2
Depths:4: cheibrodos_lost_city_excavation, layout_basic, enter_ziggurat_f,
          abyss_entry_crystal, minmay_crystal_room,
          lightli_enter_wizlab_magi_temple, hell_entry,
          infiniplex_staircase_river, uniq_sojobo, uniq_saint_roka, uniq_xtahua
Depths:5: grunt_crosshair, layout_gridlike, serial_shops, nicolae_shop_crystal,
          grunt_mini_vestibule, abyss_entry_flame_altar
Hell
Dis:1:    layout_subdivisions
Dis:2:    layout_jigsaw
Dis:3:    layout_subdivisions
Dis:4:    layout_gridville, hangedman_dis_decor_blocks_talon
Dis:5:    kennysheep_iron_temple, layout_jigsaw
Dis:6:    layout_subdivisions
Dis:7:    dis_grunt_layers
Geh:1:    layout_gehenna_pools_box, lemuel_hellish_altar
Geh:2:    layout_gehenna_lava_caves
Geh:3:    layout_gehenna_pools_basic
Geh:4:    minmay_firetagon, layout_gehenna_pools_triple, gehenna_fire_generator
Geh:5:    layout_gehenna_lava_caves
Geh:6:    layout_gehenna_pools_box
Geh:7:    evilmike_geh
Coc:1:    layout_ice_bergs
Coc:2:    layout_cocytus_water_paths
Coc:3:    layout_ice_bergs
Coc:4:    layout_cocytus_water_paths, lemuel_elevator
Coc:5:    layout_cocytus_water_paths
Coc:6:    layout_cocytus_water_paths
Coc:7:    coc_old
Tar:1:    layout_catacombs
Tar:2:    layout_cathedral_of_symmetry
Tar:3:    layout_cathedral_of_symmetry, nicolae_tar_cuneiform_not
Tar:4:    layout_cathedral_of_symmetry
Tar:5:    layout_honeycomb, nicolae_tar_cuneiform_to_be
Tar:6:    layout_catacombs
Tar:7:    tar_grunt_cathedral
Zot:1:    layout_concentric_octagons
Zot:2:    layout_basic
Zot:3:    layout_onion, nrook_zot_tub
Zot:4:    kennysheep_room_grid, layout_cathedral_of_symmetry,
          hangedman_zot_wheel_spokes, lemuel_golem_globe

Skill      XL: |  1  2  3  4  5  6  7  8  9 10 11 12 13 14 15 16 17 18 19 20 21 22 23 24 25 26 27 |
---------------+----------------------------------------------------------------------------------+-----
Spellcasting   | 5 6 7 8 9 10 11 12 13 14 15 16 17 25 | 25.4
Invocations    | 1 2 3 4 5 6 7 8 9 10 11 12 13 14 15 16 17 23 | 23.1
Short Blades   | 1 2 3 4 5 6 7 8 9 10 11 12 13 14 15 16 21 | 21.5
Long Blades    | 1 2 3 4 5 6 7 8 9 10 11 12 13 14 15 16 21 | 21.5
Axes           | 1 2 3 4 5 6 7 8 9 10 11 12 13 14 15 16 21 | 21.5
Maces & Flails | 1 2 3 4 5 6 7 8 9 10 11 12 13 14 15 16 21 | 21.5
Polearms       | 1 2 3 4 5 6 7 8 9 10 11 12 13 14 15 16 21 | 21.5
Staves         | 1 2 3 4 5 6 7 8 9 10 11 12 13 14 15 16 21 | 21.5
Slings         | 1 2 3 4 5 6 7 8 9 10 11 12 13 14 15 16 21 | 21.5
Bows           | 1 2 3 4 5 6 7 8 9 10 11 12 13 14 15 16 17 22 | 22.3
Crossbows      | 1 2 3 4 5 6 7 8 9 10 11 12 13 14 15 16 21 | 21.5
Throwing       | 1 2 3 4 5 6 7 8 9 10 11 12 13 14 15 16 21 | 21.5
Armour         | 1 2 3 4 5 6 7 8 9 10 11 12 13 14 15 16 21 | 21.5
Stealth        | 1 2 3 4 5 6 7 8 9 10 11 12 13 14 15 16 21 | 21.5
Shields        | 1 2 3 4 5 6 7 8 9 10 11 12 13 14 15 16 24 | 24.8
Evocations     | 1 2 3 4 5 6 7 8 9 10 11 12 13 14 15 16 21 | 21.5
Conjurations   | 1 2 3 4 5 6 7 8 9 10 11 12 13 14 18 | 18.7
Hexes          | 1 2 3 4 5 6 7 8 9 10 11 12 13 14 18 | 18.7
Summonings     | 1 2 3 4 5 6 7 8 9 10 11 12 13 14 20 | 20.8
Necromancy     | 1 2 3 4 5 6 7 8 9 10 11 12 13 14 18 | 18.7
Translocations | 1 2 3 4 5 6 7 8 9 10 11 12 13 14 18 | 18.7
Fire Magic     | 1 2 3 4 5 6 7 8 9 10 11 12 13 14 21 | 21.0
Ice Magic      | 1 2 3 4 5 6 7 8 9 10 11 12 13 14 18 | 18.7
Air Magic      | 1 2 3 4 5 6 7 8 9 10 11 12 13 14 18 | 18.7
Earth Magic    | 1 2 3 4 5 6 7 8 9 10 11 12 13 14 18 | 18.7
Poison Magic   | 1 2 3 4 5 6 7 8 9 10 11 12 13 14 18 | 18.7
Fighting       | 3 4 5 6 7 9 10 12 13 14 15 16 17 18 19 20 21 25 | 25.2
Transmutations | 4 5 6 7 8 9 10 11 12 13 14 19 | 19.0
Dodging        | 5 6 7 8 9 10 11 12 13 14 15 16 17 24 | 24.4
Unarmed Combat | 7 8 9 10 11 12 13 14 15 16 17 22 | 22.1

Action                   |  1- 3 |  4- 6 |  7- 9 | 10-12 | 13-15 | 16-18 | 19-21 | 22-24 | 25-27 || total
-------------------------+-------+-------+-------+-------+-------+-------+-------+-------+-------++-------
Melee: Unarmed           |    62 |    28 |       |       |       |       |       |       |   205 ||   295
       Kick              |     7 |    20 |    34 |     8 |     1 |       |       |       |       ||    70
       Bite              |     5 |    15 |    42 |   109 |   127 |    94 |   160 |   226 |   924 ||  1702
       Punch             |     2 |     3 |     4 |       |       |       |       |       |       ||     9
       Short sword       |       |   108 |   208 |       |   211 |       |       |       |       ||   527
       Headbutt          |       |    12 |    25 |     3 |     1 |       |       |       |   181 ||   222
       Quarterstaff      |       |       |    76 |   551 |   648 |   638 |   701 |       |       ||  2614
       Demon whip        |       |       |       |   124 |    13 |       |       |       |       ||   137
       Rapier            |       |       |       |       |       |       |   392 |  1055 |   323 ||  1770
       Demon blade       |       |       |       |       |       |       |       |   404 |  4739 ||  5143
       Staff             |       |       |       |       |       |       |       |       |  1020 ||  1020
 Cast: Beastly Appendage |     8 |    15 |    13 |     1 |     1 |       |       |       |       ||    38
       Poisonous Vapours |       |       |     2 |    48 |    18 |    32 |    10 |       |       ||   110
       Passage of Golubr |       |       |       |     3 |     1 |     4 |       |     2 |     9 ||    19
       Mephitic Cloud    |       |       |       |    14 |    26 |    22 |    12 |     3 |       ||    77
       Stone Arrow       |       |       |       |    26 |   110 |    65 |       |       |       ||   201
       Petrify           |       |       |       |    28 |    10 |     3 |       |       |       ||    41
       Swiftness         |       |       |       |     1 |       |       |       |       |       ||     1
       Lee's Rapid Decon |       |       |       |    18 |     5 |    16 |       |       |       ||    39
       Olgreb's Toxic Ra |       |       |       |       |    90 |    94 |    82 |    71 |     8 ||   345
       Ignite Poison     |       |       |       |       |    66 |    68 |    63 |    38 |     2 ||   237
       Iron Shot         |       |       |       |       |       |     8 |   107 |    21 |   169 ||   305
       Statue Form       |       |       |       |       |       |     4 |     1 |       |       ||     5
       Freezing Cloud    |       |       |       |       |       |     1 |    19 |    10 |       ||    30
       Dragon Form       |       |       |       |       |       |       |     1 |       |       ||     1
       Invisibility      |       |       |       |       |       |       |     1 |       |       ||     1
       Summon Hydra      |       |       |       |       |       |       |    74 |   115 |       ||   189
       Blink             |       |       |       |       |       |       |     1 |     7 |    25 ||    33
       Haunt             |       |       |       |       |       |       |       |    12 |    12 ||    24
       Necromutation     |       |       |       |       |       |       |       |     6 |   142 ||   148
       Lehudib's Crystal |       |       |       |       |       |       |       |     9 |    16 ||    25
       Summon Greater De |       |       |       |       |       |       |       |     7 |    15 ||    22
       Ignition          |       |       |       |       |       |       |       |       |   226 ||   226
       Summon Horrible T |       |       |       |       |       |       |       |       |   234 ||   234
       Ozocubu's Refrige |       |       |       |       |       |       |       |       |    71 ||    71
       Absolute Zero     |       |       |       |       |       |       |       |       |    12 ||    12
       Discord           |       |       |       |       |       |       |       |       |    10 ||    10
       Dragon's Call     |       |       |       |       |       |       |       |       |     7 ||     7
       Chain Lightning   |       |       |       |       |       |       |       |       |     4 ||     4
       Fire Storm        |       |       |       |       |       |       |       |       |     1 ||     1
       Disjunction       |       |       |       |       |       |       |       |       |     1 ||     1
Invok: Channel Magic     |       |       |       |       |     2 |     3 |     4 |     4 |    26 ||    39
       Forget Spell      |       |       |       |       |       |       |     3 |     5 |     6 ||    14
       Divine Exegesis   |       |       |       |       |       |       |       |       |     1 ||     1
 Abil: End Transformatio |       |       |       |       |       |     1 |     2 |       |    15 ||    18
Evoke: Wand              |       |       |     5 |    18 |    16 |     5 |     6 |     4 |    12 ||    66
       Box of beasts     |       |       |       |     5 |     3 |    14 |    12 |     3 |    10 ||    47
       Tin of tremorston |       |       |       |       |       |       |     2 |       |       ||     2
       Phantom mirror    |       |       |       |       |       |       |       |       |     2 ||     2
       Condenser vane    |       |       |       |       |       |       |       |       |     3 ||     3
  Use: Scroll            |       |    13 |     2 |    11 |     7 |    21 |    11 |    14 |    73 ||   152
       Potion            |       |     1 |     7 |     5 |     3 |     4 |     2 |     7 |    43 ||    72
 Stab: Invisible         |       |     1 |       |       |       |       |       |       |       ||     1
       Sleeping          |       |       |     9 |     2 |    11 |     7 |    14 |    33 |    36 ||   112
       Paralysed         |       |       |       |    19 |    12 |       |       |       |       ||    31
       Petrified         |       |       |       |    45 |    13 |    10 |       |       |       ||    68
       Confused          |       |       |       |    11 |     6 |     2 |     3 |     1 |       ||    23
       Distracted        |       |       |       |     2 |     4 |     4 |    11 |    18 |   105 ||   144
       Petrifying        |       |       |       |     4 |     3 |       |       |       |       ||     7
Armor: Ring mail         |    22 |    43 |    32 |   181 |    70 |       |    55 |   194 |   165 ||   762
       Robe              |       |       |    35 |       |       |       |       |       |       ||    35
       Leather armour    |       |       |    10 |       |       |       |       |       |       ||    10
       Scale mail        |       |       |       |       |   289 |   368 |   393 |       |       ||  1050
       Skin              |       |       |       |       |       |    15 |       |       |       ||    15
       Acid dragon scale |       |       |       |       |       |       |       |    19 |   227 ||   246
       Pearl dragon scal |       |       |       |       |       |       |       |       |   884 ||   884
Dodge: Dodged            |    37 |   100 |   193 |   491 |   599 |   632 |   669 |   473 |  1959 ||  5153
       Repelled          |       |       |       |     3 |       |       |       |       |       ||     3
Block: Kite shield       |       |       |       |   102 |   138 |       |   238 |  1046 |  6135 ||  7659
       Reflection        |       |       |       |    14 |    15 |    13 |    41 |    73 |    76 ||   232
       Other             |       |       |       |       |   136 |   179 |   154 |       |       ||   469
       Rpst.: Demon blade |       |       |       |       |       |       |       |    29 |   191 ||   220

Table legend: (Time is in decaauts)
 A = Elapsed time spent in this place.
 B = Non-inter-level travel time spent in this place.
 C = Inter-level travel time spent in this place.
 D = Time resting spent in this place.
 E = Time spent auto-exploring this place.
 F = Levels seen in this place.
 G = Mean time per level.
                   A        B        C        D        E       F      G
               +--------+--------+--------+--------+--------+-----+--------+
         Total | 117967 | 107980 |   9987 |  21748 |  56780 | 114 | 1034.8 |
       Dungeon |  25262 |  20561 |   4701 |   3613 |  12235 |  15 | 1684.1 |
        Temple |     82 |     67 |     15 |      0 |     24 |   1 |   82.0 |
          Lair |  11316 |   9922 |   1394 |   1077 |   6937 |   6 | 1886.0 |
        Shoals |   4331 |   4086 |    245 |    467 |   2592 |   4 | 1082.8 |
   Spider Nest |   5424 |   5327 |     97 |   1236 |   2806 |   4 | 1356.0 |
    Slime Pits |    913 |    873 |     40 |    429 |      0 |   5 |  182.6 |
  Orcish Mines |   2733 |   2519 |    214 |   1207 |    913 |   2 | 1366.5 |
   Elven Halls |   5002 |   4725 |    277 |   1189 |   2228 |   3 | 1667.3 |
        Vaults |  17548 |  16324 |   1224 |   4517 |   8691 |   5 | 3509.6 |
         Crypt |   4811 |   4612 |    199 |    461 |   2985 |   3 | 1603.7 |
        Depths |  11969 |  10805 |   1164 |   3134 |   5681 |   5 | 2393.8 |
          Hell |   1874 |   1768 |    106 |    679 |    643 |   1 | 1874.0 |
           Dis |   2827 |   2790 |     37 |    481 |   1027 |   7 |  403.9 |
       Gehenna |   1399 |   1340 |     59 |     32 |    297 |   7 |  199.9 |
       Cocytus |   1656 |   1583 |     73 |     35 |    256 |   7 |  236.6 |
      Tartarus |   2604 |   2543 |     61 |     17 |   1174 |   7 |  372.0 |
           Zot |   3816 |   3740 |     76 |    234 |   2820 |   4 |  954.0 |
         Abyss |    110 |    110 |      0 |      0 |      0 |   3 |   36.7 |
   Pandemonium |  12231 |  12231 |      0 |   2679 |   4347 |  21 |  582.4 |
      Ziggurat |     15 |     15 |      0 |      0 |      0 |   1 |   15.0 |
        Bailey |    447 |    447 |      0 |      0 |    247 |   1 |  447.0 |
      Ice Cave |   1000 |   1000 |      0 |      0 |    754 |   1 | 1000.0 |
        Wizlab |    586 |    586 |      0 |    258 |    119 |   1 |  586.0 |
               +--------+--------+--------+--------+--------+-----+--------+

Top non-repeatable levels by time:
Vaults:5: 4844 daAuts
Vaults:4: 4070 daAuts
Depths:2: 3218 daAuts
Vaults:1: 3189 daAuts
    D:14: 3137 daAuts
Vaults:2: 3043 daAuts
   Elf:3: 2953 daAuts
     D:9: 2944 daAuts
Depths:1: 2861 daAuts
    D:12: 2855 daAuts
  Lair:4: 2688 daAuts
    D:11: 2681 daAuts
Vaults:3: 2400 daAuts
  Lair:6: 2387 daAuts
    D:10: 2383 daAuts
